 Dungeon Crawl Stone Soup version 0.31-a0-236-g9a0961f (webtiles) character file.

Game seed: 18065465624749077744

838350 OneMonsteRemaining the Petrodigitator (level 27, -19/190 HPs)
             Began as a Gargoyle Earth Elementalist on July 9, 2023.
             Was the Champion of Sif Muna.
             Killed from afar by Boris (58 damage)
             ... with an iron shot
             ... on level 3 of the Tomb of the Ancients on July 10, 2023.
             The game lasted 04:35:44 (74641 turns).

OneMonsteRemaining the Petrodigitator (GrEE)       Turns: 74641, Time: 04:35:44

Health: -19/190    AC: 53    Str: 15 (19) XL:     27
Magic:  18/50      EV: 16    Int: 33      God:    Sif Muna [******]
Gold:   4897       SH: 15    Dex: 10 (12) Spells: 8/72 levels left

rFire   + + +        a - +3 Elemental Staff {rElec rF+ rC+ AC+3}
rCold   + + +        e - +2 shield of Resistance {rF++ rC++ Will++}
rNeg    + + +        H - +4 troll leather armour
rPois   ∞            X - -2 hat of the Alchemist {rElec rPois rF+ rC+ rN+ Will+ rMut rCorr}
rElec   +            O - +2 cloak "Modgheet" {Dex+3}
rCorr   +            D - +2 pair of gloves
SInv    +            s - +3 pair of mountain boots {steadfast, rC+}
Will    +++++        F - amulet "Sirig" {rN+ Regen+ Str+4 Stlth+}
Stlth   +++          T - ring "Lytirom" {Will+ AC+4 Int+3}
HPRegen 2.11/turn    W - ring of Qiat Won {rF+ Will- AC+4 Slay+3 SInv}
MPRegen 0.32/turn

%: resist mutation
@: flying, slowed, studying 6 skills, very slow
A: sickness immunity, AC +20, big wings, negative energy resistance 1,
electricity resistance, torment resistance 1, petrification resistance, clever
1, sturdy frame 1
}: 3/15 runes: serpentine, barnacled, slimy
a: Renounce Religion, Channel Magic, Forget Spell, Divine Exegesis


You were on level 3 of the Tomb of the Ancients.
You worshipped Sif Muna.
Sif Muna was exalted by your worship.
You visited 13 branches of the dungeon, and saw 58 of its levels.
You visited 2 bazaars.
You visited 2 ziggurats (completing 1), and saw 41 of their levels.
You also visited: Trove, Bailey and Ice Cave.

You collected 11770 gold pieces.
You spent 6873 gold pieces at shops.

Inventory:

Hand Weapons
 a - the +3 Elemental Staff (weapon) {rElec rF+ rC+ AC+3}
   (You found it on level 24 of a ziggurat)

   It enhances your fire, ice, earth and air magic.
   AC:        It affects your AC (+3).
   rF:        It protects you from fire.
   rC:        It protects you from cold.
   rElec:     It insulates you from electricity.
Armour
 e - the +2 shield of Resistance (worn) {rF++ rC++ Will++}
   (You found it on level 5 of the Lair of Beasts)

   rF:        It greatly protects you from fire.
   rC:        It greatly protects you from cold.
   Will:      It greatly increases your willpower.
 m - a +2 helmet of intelligence
 s - the +3 pair of mountain boots (worn) {steadfast, rC+}
   (You acquired it on level 3 of the Snake Pit)

   Steadfast: It prevents involuntary movement, except for blinking,
   teleportation, or banishment.
   rC:        It protects you from cold.
 x - the +3 robe of Clouds {*Thunder rCloud rElec}
   (You found it on level 12 of a ziggurat)

   *Thunder:  It occasionally creates storm clouds above nearby enemies.
   rCloud:    It grants its wearer immunity to clouds.
   rElec:     It insulates you from electricity.
 D - a +2 pair of gloves (worn)
 H - a +4 troll leather armour (worn)
 O - the +2 cloak "Modgheet" (worn) {Dex+3}
   (You acquired it on level 1 of the Realm of Zot)

   Dex:       It affects your dexterity (+3).
 X - the -2 hat of the Alchemist (worn) {rElec rPois rF+ rC+ rN+ Will+ rMut rCorr}
   (You found it on level 23 of a ziggurat)

   rF:        It protects you from fire.
   rC:        It protects you from cold.
   rElec:     It insulates you from electricity.
   rPois:     It protects you from poison.
   rN:        It protects you from negative energy.
   rCorr:     It protects you from acid and corrosion.
   rMut:      It protects you from mutation.
   Will:      It increases your willpower.
Jewellery
 F - the amulet "Sirig" (around neck) {rN+ Regen+ Str+4 Stlth+}
   (You found it on level 6 of a ziggurat)

   [amulet of regeneration]

   Str:       It affects your strength (+4).
   rN:        It protects you from negative energy.
   Regen:     It increases your rate of health regeneration.
   Stlth:     It makes you more stealthy.
 T - the ring "Lytirom" (left hand) {Will+ AC+4 Int+3}
   (You found it on level 4 of the Shoals)

   [ring of protection]

   AC:        It affects your AC (+4).
   Int:       It affects your intelligence (+3).
   Will:      It increases your willpower.
 W - the ring of Qiat Won (right hand) {rF+ Will- AC+4 Slay+3 SInv}
   (You bought it in a shop in a bazaar)

   [ring of protection]

   AC:        It affects your AC (+4).
   Slay:      It affects your accuracy & damage with ranged weapons and melee
   (+3).
   rF:        It protects you from fire.
   SInv:      It lets you see invisible.
   Will:      It decreases your willpower.
Wands
 j - a wand of mindburst (7)
 l - a wand of digging (26)
 J - a wand of roots (178)
 U - a wand of acid (49)
Scrolls
 c - 34 scrolls of fog
 n - a scroll of brand weapon
 o - 28 scrolls of teleportation
 q - 8 scrolls of silence
 r - 5 scrolls of enchant armour
 t - 19 scrolls of amnesia
 u - 7 scrolls of revelation
 v - 6 scrolls of butterflies
 w - 19 scrolls of poison
 y - 15 scrolls of blinking
 A - 16 scrolls of fear
Potions
 b - 4 potions of magic
 d - 16 potions of attraction
 f - 2 potions of haste
 g - 3 potions of ambrosia
 h - 7 potions of invisibility
 i - 8 potions of heal wounds
 k - 27 potions of curing
 p - 8 potions of brilliance
 z - 19 potions of mutation
 B - 2 potions of enlightenment
 E - 2 potions of berserk rage
 G - 13 potions of cancellation
 M - 9 potions of might
 R - 5 potions of resistance
Miscellaneous
 K - a phial of floods
 L - a tin of tremorstones (2/2)


   Skills:
 - Level 24.0 Fighting
 - Level 12.9 Staves
 - Level 19.4 Armour
 - Level 14.4 Dodging
 - Level 2.9 Stealth
 - Level 15.8 Shields
 + Level 23.3 Spellcasting
 - Level 19.0 Conjurations
 - Level 14.2 Summonings
 - Level 10.1 Necromancy
 - Level 0.7 Transmutations
 - Level 18.6 Fire Magic
 * Level 20.6 Ice Magic
 O Level 27 Earth Magic
 - Level 17.9 Invocations
 - Level 11.5 Evocations


You had 8 spell levels left.
You knew the following spells:

 Your Spells              Type           Power      Damage    Failure   Level
a - Shatter               Erth           72%        3d53*     1%          9
b - Ignition              Fire           63%        3d17      3%          8
c - Lee's Rapid Deconstr  Erth           72%        3d33*     0%          5
d - Polar Vortex          Ice            66%        12d8*     26%         9
e - Dispel Undead         Necr           81%        3d26      1%          4
f - Orb of Destruction    Conj           52%        9d13      1%          7
g - Spellforged Servitor  Conj/Summ      49%        N/A       1%          7
h - Borgnjor's Vile Clut  Necr/Erth      63%        N/A       1%          5
i - Lehudib's Crystal Sp  Conj/Erth      68%        10d16     1%          8
j - Wereblood             Tmut           43%        N/A       1%          2

Your spell library contained the following spells:

 Spells                   Type           Power      Damage    Failure   Level
 Foxfire                  Conj/Fire      100%       2x1d9     0%          1
 Freeze                   Ice            100%       1d10      0%          1
 Kiss of Death            Conj/Necr      100%       2d13      0%          1
 Magic Dart               Conj           100%       1d8       0%          1
 Sandblast                Erth           100%       2d20      0%          1
 Summon Small Mammal      Summ           100%       N/A       0%          1
 Call Imp                 Summ           100%       N/A       0%          2
 Passwall                 Tmut/Erth      95%        N/A       0%          2
 Scorch                   Fire           100%       2d9       0%          2
 Searing Ray              Conj           100%       2d8       0%          2
 Call Canine Familiar     Summ           93%        N/A       0%          3
 Frozen Ramparts          Ice            100%       1d16      0%          3
 Hailstorm                Conj/Ice       100%       3d20      0%          3
 Ozocubu's Armour         Ice            100%       N/A       0%          3
 Stone Arrow              Conj/Erth      100%       3d13      0%          3
 Animate Armour           Summ/Erth      100%       N/A       0%          4
 Flame Wave               Conj/Fire      100%       2d21      0%          4
 Sticky Flame             Conj/Fire      100%       2d11      0%          4
 Summon Ice Beast         Ice/Summ       100%       N/A       0%          4
 Fireball                 Conj/Fire      63%        3d24      0%          5
 Iskenderun's Battlesphe  Conj           100%       2d15      0%          5
 Leda's Unmaking          Conj/Erth      68%        9d11      0%          6
 Apportation              Tloc           76%        N/A       1%          1
 Beastly Appendage        Tmut           86%        N/A       1%          1
 Necrotise                Necr           100%       1d9       1%          1
 Shock                    Conj/Air       100%       1d9       1%          1
 Slow                     Hex            100%       N/A       1%          1
 Sting                    Tmut/Pois      100%       1d8       1%          1
 Blink                    Tloc           76%        N/A       1%          2
 Ensorcelled Hibernation  Hex/Ice        100%       N/A       1%          2
 Lesser Beckoning         Tloc           76%        N/A       1%          2
 Momentum Strike          Conj/Tloc      100%       3d10      1%          2
 Poisonous Vapours        Pois/Air       100%       N/A       1%          2
 Static Discharge         Conj/Air       100%       2-7/arc   1%          2
 Dazzling Flash           Conj/Hex       100%       N/A       1%          3
 Ignite Poison            Fire/Tmut/Pois 88%        N/A       1%          3
 Inner Flame              Hex/Fire       100%       N/A       1%          3
 Mephitic Cloud           Conj/Pois/Air  88%        N/A       1%          3
 Summon Guardian Golem    Hex/Summ       71%        N/A       1%          3
 Vampiric Draining        Necr           81%        2d11      1%          3
 Volatile Blastmotes      Fire/Tloc      100%       2d18      1%          3
 Anguish                  Hex/Necr       32%        N/A       1%          4
 Animate Dead             Necr           81%        N/A       1%          4
 Fulminant Prism          Conj/Hex       39%        3d17      1%          4
 Ice Form                 Ice/Tmut       100%       N/A       1%          4
 Iskenderun's Mystic Bla  Conj/Tloc      79%        2d16      1%          4
 Leda's Liquefaction      Hex/Erth       56%        N/A       1%          4
 Petrify                  Tmut/Erth      100%       N/A       1%          4
 Summon Lightning Spire   Summ/Air       91%        N/A       1%          4
 Agony                    Necr           81%        N/A       1%          5
 Arcjolt                  Conj/Air       50%        1d60      1%          5
 Freezing Cloud           Conj/Ice/Air   68%        6-21      1%          5
 Irradiate                Conj/Tmut      40%        3d25      1%          5
 Metabolic Englaciation   Hex/Ice        51%        N/A       1%          5
 Summon Forest            Summ/Tloc      35%        N/A       1%          5
 Summon Mana Viper        Hex/Summ       71%        N/A       1%          5
 Simulacrum               Ice/Necr       59%        N/A       1%          6
 Starburst                Conj/Fire      63%        6d17      1%          6
 Summon Cactus Giant      Summ           46%        N/A       1%          6
 Ozocubu's Refrigeration  Ice            66%        4d22      1%          7
 Confusing Touch          Hex            38%        N/A       3%          3
 Gell's Gravitas          Tloc           38%        N/A       3%          3
 Portal Projectile        Hex/Tloc       76%        N/A       3%          3
 Spider Form              Tmut/Pois      40%        N/A       3%          3
 Swiftness                Air            55%        N/A       3%          3
 Teleport Other           Tloc           38%        N/A       3%          3
 Tukima's Dance           Hex            38%        N/A       3%          3
 Vhi's Electric Charge    Tloc/Air       100%       N/A       3%          3
 Conjure Ball Lightning   Conj/Air       50%        3x3d17    3%          6
 Death Channel            Necr           40%        N/A       3%          6
 Monstrous Menagerie      Summ           46%        N/A       3%          7
 Summon Hydra             Summ           46%        N/A       3%          7
 Plasma Beam              Fire/Air       61%        2x1d77    4%          6
 Haunt                    Necr/Summ      43%        N/A       7%          7
 Airstrike                Air            27%        2d(4-20)  13%         4
 Cause Fear               Hex            19%        N/A       13%         4
 Manifold Assault         Tloc           38%        N/A       13%         4
 Olgreb's Toxic Radiance  Pois           38%        N/A       13%         4
 Passage of Golubria      Tloc           38%        N/A       13%         4
 Summon Horrible Things   Summ           46%        N/A       24%         8
 Blade Hands              Tmut           21%        N/A       26%         5
 Alistair's Intoxication  Tmut/Pois      26%        N/A       30%         5
 Yara's Violent Unravell  Hex/Tmut       20%        3d9       30%         5
 Silence                  Hex/Air        27%        N/A       34%         5
 Malign Gateway           Summ/Tloc      35%        N/A       50%         7
 Borgnjor's Revivificati  Necr           40%        N/A       78%         8
 Infestation              Necr           40%        N/A       78%         8
 Eringya's Noxious Bog    Tmut/Pois      20%        4d6       86%         6
 Dispersal                Tloc           19%        N/A       89%         6
 Dragon Form              Tmut           21%        N/A       100%        7
 Enfeeble                 Hex            19%        N/A       100%        7
 Storm Form               Tmut/Air       28%        N/A       100%        7
 Discord                  Hex            19%        N/A       100%        8
 Disjunction              Tloc           19%        N/A       100%        8
 Maxwell's Capacitive Co  Air            27%        ∞         100%        8
 Necromutation            Tmut/Necr      32%        N/A       100%        8
 Fire Storm               Conj/Fire      63%        8d16      50%         9
 Dragon's Call            Summ           46%        N/A       98%         9
 Chain Lightning          Conj/Air       50%        3d66      100%        9
 Death's Door             Necr           40%        N/A       100%        9
 Cigotuvi's Dreadful Rot  Necr/Pois/Air  Unusable   N/A       N/A         2
 Statue Form              Tmut/Erth      Unusable   N/A       N/A         6

Dungeon Overview and Level Annotations

Branches:
Dungeon (15/15)            Temple (1/1) D:4            Lair (5/5) D:10
 Shoals (4/4) Lair:2        Snake (4/4) Lair:2        Slime (5/5) Lair:5
    Orc (2/2) D:11            Elf (3/3) Orc:2        Vaults (4/5) D:14
  Crypt (3/3) Vaults:2       Tomb (3/3) Crypt:3      Depths (4/4) D:15
    Zot (5/5) Depths:4     Bailey (visited)           IceCv (visited)

Altars:
Cheibriados
Dithmenos
Fedhas
Gozag
Hepliaklqana
Kikubaaqudgha
Makhleb
Nemelex Xobeh
Qazlal
Ru
Sif Muna
Trog
Uskayaw
Vehumet
Wu Jian
Xom
Yredelemnul
Zin
The Shining One
Jiyva
Lugonu

Shops:
D:10 (   D:12 [   D:13 **   D:14 *   Orc:2 [!(=   Elf:1 =[   Shoals:4 ::
Snake:1 ?:?*   Snake:4 *   Vaults:4 ??

Portals:
Hell: Depths:1 Depths:2 Depths:3 Depths:4
Abyss: D:13 Snake:2 Depths:3 Depths:4
Pandemonium: Depths:2

Annotations:
Snake:2 2 transporters, Kave's ghost, adept TrTm
Tomb:3 Boris
Zot:2 6 transporters
Zot:5 1 exclusion


Innate Abilities, Weirdness & Mutations

You are immune to sickness and miasma.
Your stone body is resilient. (AC +20)
You are immune to poison.
Your large and strong wings let you fly.
You resist negative energy. (rN+)
You are resistant to electric shocks. (rElec)
You are resistant to unholy torment.
You are immune to petrification.
Your mind is acute. (Int +4, Str/Dex -1)
Your movements are slightly less encumbered by armour. (ER -2)


Message History

Sif Muna accepts your kill.
You kill the emperor scorpion!
The emperor scorpion's corpse disappears in a puff of smoke!
The royal mummy is lightly damaged.
Ka-crash!
You feel extremely nervous for a moment...
You shiver with cold.
You hear a faint skittering sound. x7
The royal mummy hits you but does no damage.
The royal mummy mumbles some strange words.
Boris hits you but does no damage. Boris misses you.
Unknown command.
Unknown command.
You feel much better. You block the death scarab's attack.
You block Boris's attack. x2
The royal mummy mumbles some strange words.
The royal mummy gestures wildly while chanting.
The royal mummy casts a spell.
You hear a loud "Zot"!
Boris hits you but does no damage. Boris touches you but does no damage.
The royal mummy points at you and mumbles some strange words.
Something smites you! The death scarab barely misses you.
You hear a faint skittering sound.
Unknown command.
The emperor scorpion disappears in a puff of smoke!
You block the death scarab's attack.
You hear a loud "Zot"! x2
The death scarab barely misses you.
You block the emperor scorpion's attack.
The emperor scorpion claws you but does no damage. x2
The royal mummy calls on the powers of darkness!
The emperor scorpion convulses! x4; Your body is wracked with pain!
* * * LOW HITPOINT WARNING * * *
The emperor scorpion convulses! x4
The royal mummy points at you and mumbles some strange words.
Something smites you!
* * * LOW HITPOINT WARNING * * *
Boris casts a spell at you. The iron shot hits you!!!
You die...

.†..,,,,,,,,,,,,,,,,,,,,,,**
..BM.MM.........,.......,,*
..^.M...........,.......,**
..^....M...............#**
^.MMM.Z....sB...,.....#.
#,§........^.sB.,......##*
§§M.......Z.M..B#..^...$$**
B#M.......s...BBs.......$,*
§§M#.....s....#L@.......$,**
§§§##...s.....#M........$,,*
§§...#......#.ss.......$$,,*
.....#.....s.M.s.....$?$$,,*
..^.[#......#.......$$$?$,,*
.^................$$$?/$$,,*
.............^.^..$$$$$/$,**
.....#...).......[$$$$$$[**
,,..........#.....$$$$$$**


You could see 3 royal mummies, Boris, 8 emperor scorpions, 5 death scarabs and a
naga warrior zombie.

Vanquished Creatures
  the Royal Jelly (Slime:5)
  4 dread liches
  4 ancient liches
  Mara (Vaults:2)
  2 juggernauts
  38 royal mummies
  Sojobo (Depths:3)
  Margery (Crypt:3)
  Bai Suzhen (Vaults:2)
  Vv (Depths:3)
  The ghost of Hecate the Impregnable, a veteran GrFi of Ru (Zig:10)
  18 Killer Klowns
  Xtahua (Vaults:4)
  9 curse toes
  Nikola (Depths:1)
  The ghost of Zoalos the Devastator, a veteran GrEE of Lugonu (Crypt:2)
  the Enchantress (D:15)
  8 caustic shrikes
  A profane servitor (Crypt:2)
  15 golden dragons
  17 pandemonium lords
  3 bone dragons
  4 electric golems
  4 Brimstone Fiends (Zig:22)
  3 Hell Sentinels
  13 hellephants
  7 liches
  11 tentacled monstrosities
  Mlioglotl (Snake:1)
  A deep elf master archer (Elf:3)
  6 titans
  3 Orb Guardians (Zot:5)
  15 searing wretches
  4 quicksilver dragons
  Asterion (Vaults:2)
  56 acid blobs
  2 deep elf blademasters
  A sphinx (shapeshifter) (Zig:25)
  2 Executioners (Zig:14)
  8 death cobs
  Kirke (Shoals:1)
  17 ancient champions
  11 shadow dragons
  A shadow dragon (shapeshifter) (Zig:25)
  8 tengu reavers
  10 storm dragons
  13 sphinxes
  2 thorn hunters
  5 draconian monks
  28 nagarajas
  A demonspawn warmonger (Zig:14)
  11 revenants
  26 rockslimes
  5 draconian knights
  25 azure jellies
  2 iron dragons (Depths:3)
  5 frost giants
  6 deep elf sorcerers
  A fenstrider witch (shapeshifter) (Depths:3)
  Louise (Shoals:1)
  8 vault wardens
  7 fire giants
  7 emperor scorpions
  3 azure jellies (shapeshifter) (Zig:25)
  17 balrugs
  18 ghost moths
  9 draconian scorchers
  15 draconian shifters
  A juggernaut zombie (D:15)
  An orc warlord (Vaults:4)
  17 draconian annihilators
  9 curse skulls
  An angel (Depths:1)
  4 ghouls
  2 cacodemons
  3 broodmothers
  A demonspawn corrupter (Zig:14)
  8 draconian stormcallers
  3 reapers
  10 deep elf elementalists (Elf:3)
  16 formless jellyfish
  5 spriggan defenders
  11 stone giants
  18 ironbound preservers
  5 war gargoyles
  A broodmother (shapeshifter) (Depths:1)
  A caustic shrike skeleton (Zig:11)
  24 very ugly things
  7 ironbound thunderhulks
  27 quicksilver oozes
  13 green draconians
  11 vampire knights
  4 eleionomae
  2 demonspawn black suns (Zig:14)
  An eleionoma (shapeshifter) (Zig:25)
  11 purple draconians
  8 deep elf demonologists
  Nessos (D:14)
  25 red draconians
  11 spark wasps
  16 white draconians
  3 bunyips
  4 lorocyprocas
  15 yellow draconians
  15 dire elephants
  8 bennus
  9 eidola
  16 black draconians
  4 deep elf annihilators
  A bunyip (shapeshifter) (Zig:25)
  3 dire elephants (shapeshifter) (Zig:25)
  13 jiangshi
  20 mummy priests
  11 deep elf death magi
  6 green deaths
  10 merfolk javelineers
  An ettin (shapeshifter) (Zig:25)
  8 ettins
  15 great orbs of eyes
  9 fire dragons
  A shambling mangrove (Zig:8)
  2 spriggan zombies
  14 yaktaur captains
  6 deep elf high priests
  14 merfolk impalers
  10 entropy weavers
  9 ice dragons
  2 quicksilver dragon skeletons
  6 vault guards
  A hydra (shapeshifter) (Zig:21)
  3 peacekeepers (Vaults:4)
  4 rakshasas
  3 hell beasts
  22 salamander tyrants
  6 spriggan air magi
  Harold (Lair:2)
  5 catoblepae
  A radroach (shapeshifter) (Zig:21)
  5 ogre magi
  5 ghost crabs
  2 spriggan skeletons
  The ghost of Umme Otex the Quickloader, a journeyman KoHu of Okawaru (D:13)
  32 hydras
  4 ironbound frosthearts
  2 merfolk avatars (Shoals:2)
  3 radroaches (Zig:23)
  13 anacondas
  4 jorogumos (Zig:23)
  A death knight (Crypt:2)
  A boulder beetle (shapeshifter) (Zig:25)
  6 merfolk aquamancers
  7 two-headed ogres
  16 naga warriors
  A stoker (Zig:9)
  18 centaur warriors
  4 alligators
  5 boulder beetles
  4 satyrs
  An alligator snapping turtle (Shoals:4)
  A fenstrider witch skeleton (Tomb:2)
  7 deep troll shamans
  3 two-headed ogres (shapeshifter)
  An azure jelly zombie (Crypt:2)
  4 tengu warriors
  39 dancing weapons
  40 death scarabs
  A death yak (Zig:18)
  6 deep troll earth magi
  21 naga sharpshooters
  11 shock serpents
  Urug (D:14)
  2 orc high priests
  11 spriggan berserkers
  10 vampire magi
  2 sun demons (Depths:1)
  A shock serpent (shapeshifter) (Zig:25)
  5 skysharks
  4 soul eaters
  3 demonic crawlers
  8 hell knights
  18 deep elf knights
  A sun moth (Zig:13)
  Nergalle (Orc:2)
  3 death drakes
  28 skeletal warriors
  6 shadow wraiths
  5 iron trolls
  4 pharaoh ants
  A goliath frog (shapeshifter) (Depths:3)
  23 sea snakes
  A sixfirhy (Depths:1)
  6 salamander mystics
  A bunyip zombie (Crypt:2)
  A deep troll (shapeshifter) (Zig:21)
  A spark wasp zombie (D:15)
  3 spriggan druids
  6 goliath frogs
  7 obsidian statues
  7 wizards
  A kraken simulacrum (Shoals:4)
  6 orb spiders
  3 glowing orange brains
  A spriggan simulacrum (Crypt:3)
  61 deep trolls
  8 naga ritualists
  A bog body (IceCv)
  4 shadow demons
  5 orange crystal statues
  6 flayed ghosts
  A tengu zombie (Vaults:2)
  9 lindwurms
  A golden dragon skeleton (Zig:11)
  15 swamp dragons
  15 ironbound convokers
  10 steelbarb worms
  A sphinx zombie (Zig:11)
  14 deep elf archers
  9 necromancers
  A shadow dragon zombie (Tomb:1)
  A broodmother zombie (Crypt:3)
  A bunyip skeleton (Crypt:2)
  8 orc knights
  33 deep elf pyromancers
  25 deep elf zephyrmancers
  10 mana vipers
  2 fire giant zombies
  14 phantasmal warriors
  A human zombie (Vaults:2)
  21 harpies
  11 oklob plants (Zig:18)
  3 wolf spiders
  9 orc sorcerers
  21 manticores
  42 ugly things
  6 cyclopes
  4 will-o-the-wisps
  A sphinx skeleton (D:15)
  A manticore (shapeshifter) (Elf:1)
  24 salamanders
  13 fauns
  A nameless horror (Slime:5)
  20 shining eyes
  68 black mambas
  A guardian serpent (shapeshifter) (D:15)
  A rust devil (Zig:14)
  An eleionoma skeleton (Crypt:1)
  24 elephants
  36 moths of wrath
  10 merfolk sirens
  2 stone giant skeletons (Vaults:2)
  A black mamba (shapeshifter) (Zig:21)
  15 guardian serpents
  15 vault sentinels
  An alligator snapping turtle zombie (Crypt:1)
  7 eyes of devastation
  11 water nymphs
  A centaur zombie (Crypt:2)
  12 apocalypse crabs
  3 smoke demons (Depths:1)
  35 naga magi
  An orange demon (Depths:1)
  14 torpor snails
  6 ice statues
  2 centaur skeletons
  2 dire elephant skeletons
  33 cane toads
  8 hellions
  2 unseen horrors (D:12)
  7 rime drakes
  A catoblepas zombie (Crypt:3)
  3 kobold demonologists
  2 large abominations (Zig:14)
  A green draconian zombie (Crypt:2)
  5 tormentors
  An efreet (D:14)
  11 komodo dragons
  5 freezing wraiths
  7 ice devils
  6 tengu conjurers
  3 anaconda simulacra (IceCv)
  27 yaktaurs
  An alligator snapping turtle skeleton (Tomb:1)
  A golden dragon simulacrum (Zig:11)
  A mana viper zombie (Crypt:2)
  A green draconian skeleton (Crypt:1)
  50 guardian mummies
  5 polar bears
  A catoblepas skeleton (Crypt:2)
  4 meliai
  2 red devils (Depths:1)
  7 trolls
  5 tyrant leeches
  A harpy zombie (Crypt:3)
  4 bloated husks
  A tengu simulacrum (Vaults:2)
  4 wind drakes
  A guardian serpent zombie (Crypt:3)
  58 merfolk
  A hornet (shapeshifter) (Zig:25)
  9 hornets
  7 tarantellas
  23 blink frogs
  18 snapping turtles
  16 dream sheep
  A harpy skeleton (Crypt:1)
  A culicivora zombie (Crypt:1)
  4 air elementals
  A culicivora (Zig:23)
  8 flying skulls
  An ice dragon skeleton (Crypt:2)
  Sigmund (D:6)
  150 slime creatures
  18 water elementals
  9 spriggans
  4 wraiths
  2 dire elephant simulacra (IceCv)
  4 vampires
  6 wyverns
  71 yaks
  3 shadows
  3 basilisks
  33 ushabtiu
  A basilisk (shapeshifter) (Elf:2)
  3 fire elementals
  3 ynoxinuls (Depths:1)
  15 golden eyes
  Grum (D:11)
  A steam dragon (D:9)
  5 chaos spawn
  14 humans (D:14)
  A fire bat (shapeshifter) (D:13)
  2 redbacks (Zig:23)
  3 hogs (Shoals:1)
  21 vampire mosquitoes
  2 redbacks (shapeshifter)
  2 harpy simulacra
  A skyshark zombie (Crypt:3)
  A swamp worm (shapeshifter) (Zig:11)
  6 wargs
  A naga (shapeshifter) (Depths:1)
  4 hydra simulacra (IceCv)
  41 nagas
  2 acid dragons
  29 water moccasins
  A glowing shapeshifter skeleton (Crypt:3)
  4 floating eyes
  A demonspawn skeleton (Crypt:1)
  22 orc warriors
  7 ice beasts (Lair:4)
  A black bear (D:4)
  11 ogres
  20 wolves
  10 boggarts
  6 centaurs
  2 phantoms
  6 kobold brigands
  21 bullfrogs
  A cane toad simulacrum (IceCv)
  A gnoll sergeant (D:9)
  2 two-headed ogre simulacra (IceCv)
  2 scorpions
  3 earth elementals
  7 killer bees
  A warg skeleton (Crypt:3)
  A shapeshifter skeleton (Crypt:3)
  3 electric eels
  2 howler monkeys
  4 hounds (D:5)
  A bullfrog zombie (Crypt:1)
  3 jellies (D:14)
  13 orc priests
  A gnoll bouda (D:9)
  A sleepcap (D:6)
  4 iguanas
  38 orc wizards
  A troll simulacrum (IceCv)
  An acid dragon zombie (Crypt:2)
  A deep dwarf skeleton (Crypt:1)
  3 naga zombies
  57 mummies
  12 gnolls
  8 adders
  A shadow imp (D:3)
  2 white imps
  An iguana skeleton (Crypt:3)
  An adder skeleton (Crypt:3)
  A dart slug (D:1)
  89 orcs
  4 ball pythons
  5 endoplasms
  2 giant cockroaches
  11 goblins
  3 hobgoblins
  7 jackals
  10 kobolds
  A ball python skeleton (Crypt:3)
  7 bats
  5 frilled lizards
  A giant cockroach zombie (Crypt:2)
  A hobgoblin zombie (Crypt:1)
  6 rats
3509 creatures vanquished.

Vanquished Creatures (collateral kills)
  3 pandemonium lords
  Dissolution (Slime:3)
  2 orbs of fire
  The ghost of dontdoit the Pyromancer, a legendary GrFE of Vehumet (Zot:5)
  A royal mummy (Tomb:1)
  2 Killer Klowns (Zot:3)
  A tentacled monstrosity (Zot:3)
  A hellephant (Zig:22)
  7 acid blobs
  A death cob (Zot:3)
  An azure jelly (Slime:5)
  A draconian monk (Zot:3)
  10 rockslimes
  A formless jellyfish (Zig:26)
  A black draconian (Zot:3)
  A white draconian (Zot:2)
  3 death scarabs (Tomb:1)
  A shining eye (Slime:4)
  A moth of wrath (Zot:3)
  A nameless horror (Slime:3)
  2 eyes of devastation
  A guardian mummy (Tomb:1)
  9 slime creatures
  A ynoxinul (Zig:2)
  2 golden eyes (Zig:27)
  4 mummies (Tomb:1)
  3 fire vortices (Zot:5)
63 creatures vanquished.

Vanquished Creatures (others)
  2 draconian knights (Zot:3)
  A fire dragon (Depths:1)
  A shambling mangrove (Zig:8)
  A spriggan (Zig:17)
  A deep elf knight (Elf:1)
  A shadow wraith (Crypt:3)
  A spriggan druid (Zig:17)
  A swamp dragon (Zig:8)
  A shadow dragon skeleton (Tomb:3)
  A guardian mummy (Tomb:3)
  A hellwing (Depths:1)
  3 hornets
  A polar bear (Lair:4)
  2 water elementals (Elf:2)
  A boggart (Vaults:2)
  2 orc wizards
  10 foxfires
  3 tentacles (Shoals:4)
34 creatures vanquished.

Grand Total: 3606 creatures vanquished

Notes
Turn   | Place    | Note
-------+----------+-------------------------------------------
     0 | D:1      | OneMonsteRemaining the Gargoyle Earth Elementalist began
                  | the quest for the Orb.
     0 | D:1      | Reached XP level 1. HP: 10/10 MP: 3/3
   319 | D:1      | Reached XP level 2. HP: 16/16 MP: 3/5
   568 | D:1      | Reached skill level 1 in Fighting
   658 | D:1      | Reached skill level 4 in Earth Magic
  1544 | D:2      | Reached XP level 3. HP: 20/20 MP: 3/6
  1633 | D:2      | Reached skill level 1 in Armour
  1989 | D:3      | Reached XP level 4. HP: 15/25 MP: 0/7
  2050 | D:3      | Noticed a water moccasin
  2261 | D:3      | Identified the +5 war axe of Eternal Harmony {flame, *Slow
                  | Str+2 Int+3}
  2335 | D:3      | Reached XP level 5. HP: 30/30 MP: 6/8
  2415 | D:3      | Reached skill level 5 in Earth Magic
  2481 | D:3      | Killed a water moccasin
  2482 | D:3      | Reached XP level 6. HP: 25/36 MP: 2/10
  3246 | D:4      | Noticed a black bear
  3251 | D:4      | Killed a black bear
  3252 | D:4      | Reached skill level 6 in Earth Magic
  3252 | D:4      | Reached XP level 7. HP: 28/41 MP: 6/11
  3259 | D:4      | Learned a level 3 spell: Stone Arrow
  3456 | D:4      | Found Heyph's Assorted Antiques.
  3477 | D:4      | Found a staircase to the Ecumenical Temple.
  3504 | Temple   | Entered the Ecumenical Temple
  3562 | Temple   | Became a worshipper of Sif Muna the Loreminder
  4061 | D:5      | Entered Level 5 of the Dungeon
  4332 | D:5      | Reached skill level 7 in Earth Magic
  4332 | D:5      | Reached XP level 8. HP: 36/48 MP: 8/13
  5045 | D:6      | Found a glowing silver altar of Zin.
  5325 | D:6      | Reached skill level 8 in Earth Magic
  5514 | D:6      | Noticed Sigmund
  5567 | D:6      | Killed Sigmund
  5568 | D:6      | Reached XP level 9. HP: 29/53 MP: 11/15
  5797 | D:6      | Reached * piety under Sif Muna
  6097 | D:7      | Found a hide-covered altar of Uskayaw.
  6122 | D:7      | Reached skill level 5 in Fighting
  6122 | D:7      | Reached skill level 5 in Armour
  6299 | D:7      | Identified the +1 robe of Zyrain Hass {rElec Int+2}
  6434 | D:7      | Reached skill level 9 in Earth Magic
  7057 | D:8      | Found a snail-covered altar of Cheibriados.
  7063 | D:8      | Found a stormy altar of Qazlal.
  7063 | D:8      | Found a shimmering altar of Xom.
  7064 | D:8      | Found a blossoming altar of Fedhas.
  7100 | D:8      | Reached skill level 5 in Spellcasting
  7144 | D:8      | Reached skill level 10 in Earth Magic
  7578 | D:8      | Reached XP level 10. HP: 36/60 MP: 9/18
  7703 | D:8      | Found a shadowy altar of Dithmenos.
  8006 | D:8      | Reached skill level 5 in Dodging
  8049 | D:8      | Reached ** piety under Sif Muna
  8190 | D:8      | Reached skill level 11 in Earth Magic
  8567 | D:9      | Found a flagged portal.
  8590 | Bailey   | Entered a bailey
  9009 | Bailey   | Noticed an orc knight
  9027 | Bailey   | Killed an orc knight
  9272 | Bailey   | Noticed an orc knight
  9347 | Bailey   | Killed an orc knight
  9348 | Bailey   | Reached XP level 11. HP: 41/67 MP: 8/20
  9591 | D:9      | Reached skill level 12 in Earth Magic
 10164 | D:10     | Entered Level 10 of the Dungeon
 10170 | D:10     | Found Duxezuth's Weapon Emporium.
 10264 | D:10     | Found a staircase to the Lair.
 10386 | D:10     | Reached *** piety under Sif Muna
 11177 | D:11     | Noticed a skeletal warrior
 11367 | D:11     | Found a staircase to the Orcish Mines.
 11390 | D:11     | Reached skill level 13 in Earth Magic
 11565 | D:11     | Noticed a skeletal warrior
 11633 | D:11     | Noticed a skeletal warrior
 11839 | Lair:1   | Entered Level 1 of the Lair of Beasts
 12052 | Lair:1   | Learned a level 5 spell: Lee's Rapid Deconstruction
 12057 | Lair:1   | Learned a level 4 spell: Petrify
 12062 | Lair:1   | Learned a level 4 spell: Dispel Undead
 12064 | Lair:1   | Noticed a catoblepas
 12083 | Lair:1   | Killed a catoblepas
 12328 | Lair:1   | Identified the +10 dagger of Idouded {protect, Int+2}
 12714 | Lair:1   | Reached skill level 1 in Necromancy
 12723 | Lair:1   | Reached XP level 12. HP: 75/75 MP: 10/22
 13250 | Lair:2   | Reached **** piety under Sif Muna
 13514 | Lair:2   | Found a staircase to the Snake Pit.
 13609 | Lair:2   | Noticed a skyshark
 13636 | Lair:2   | Killed a skyshark
 13637 | Lair:2   | Reached skill level 14 in Earth Magic
 13993 | Lair:2   | Found a staircase to the Shoals.
 14940 | Lair:2   | Noticed Harold
 14951 | Lair:2   | Killed Harold
 15278 | Lair:3   | Reached XP level 13. HP: 75/80 MP: 19/25
 15890 | Lair:3   | Reached skill level 15 in Earth Magic
 15896 | Lair:3   | Reached skill level 5 in Necromancy
 17296 | Lair:4   | Reached skill level 10 in Fighting
 17491 | Lair:4   | Noticed an ice dragon
 17559 | Lair:3   | Reached skill level 10 in Armour
 18337 | Lair:4   | Killed an ice dragon
 18677 | Lair:5   | Entered Level 5 of the Lair of Beasts
 18800 | Lair:4   | Reached ***** piety under Sif Muna
 18915 | Lair:5   | Received a gift from Sif Muna
 18921 | Lair:5   | Got Sif Muna's Atlas of Intoxicating Companions {god gift}
 19007 | Lair:5   | Found a staircase to the Slime Pits.
 19025 | Lair:5   | Found a viscous altar of Jiyva.
 19035 | Lair:5   | Gained mutation: Your large and strong wings let you fly.
                  | [Gargoyle growth]
 19035 | Lair:5   | Reached XP level 14. HP: 10/88 MP: 20/26
 19154 | Lair:5   | Reached skill level 16 in Earth Magic
 20172 | Lair:5   | Found the +2 shield of Resistance {rF++ rC++ Will++}
 20551 | D:11     | Noticed Grum
 20578 | D:11     | Killed Grum
 21425 | D:12     | Found Wakhlana's Armour Emporium.
 21599 | Lair:4   | Identified the +11 rapier of the Grinning Boar {flame,
                  | Dex+7}
 21604 | Lair:4   | Identified the +0 leather armour of Xuluiruj {rElec rC-
                  | Str+4 Dex+3}
 21606 | Lair:4   | Got Sif Muna's Monograph on the Mortuary and Metamorphosis
 22002 | D:12     | Received a gift from Sif Muna
 22655 | D:13     | Found a one-way gate to the infinite horrors of the Abyss.
 22655 | D:13     | Identified the +0 dagger "Qebiruje" {distort, +Blink rElec
                  | rF+}
 22655 | D:13     | Identified the +0 robe "Yrium" {rF+ Dex+3 SInv}
 22672 | D:13     | Found a large runed translucent door.
 22672 | D:13     | Found a large runed translucent door.
 22700 | D:13     | Found a runed translucent gate.
 22700 | D:13     | Found a runed translucent gate.
 22702 | D:13     | Found an opulent altar of Gozag.
 22705 | D:13     | Found a runed translucent gate.
 22707 | D:13     | Found Recubru's Assorted Antiques.
 22707 | D:13     | Noticed Umme Otex's ghost (journeyman KoHu)
 22709 | D:13     | Found Puammumu's Assorted Antiques.
 22771 | Orc:1    | Entered Level 1 of the Orcish Mines
 22771 | Orc:1    | You are sucked into a shaft and drop 1 floor!
 22771 | Orc:2    | Entered Level 2 of the Orcish Mines
 22776 | Orc:2    | Found a staircase to the Elven Halls.
 22917 | Orc:2    | Reached skill level 1 in Shields
 22931 | Orc:2    | Found a frozen archway.
 22938 | IceCv    | Entered an ice cave
 23192 | IceCv    | Reached skill level 17 in Earth Magic
 23296 | IceCv    | Reached XP level 15. HP: 94/94 MP: 28/28
 23337 | IceCv    | Received a gift from Sif Muna
 24959 | Orc:2    | Found an ancient bone altar of Kikubaaqudgha.
 24960 | Orc:2    | Noticed Nergalle
 24979 | Orc:2    | Killed Nergalle
 25006 | Orc:2    | Found Ovves's Antique Weapon Shoppe.
 25060 | Orc:2    | Found a radiant altar of Vehumet.
 25132 | Orc:2    | Found Gidud's Antique Armour Emporium.
 25137 | Orc:2    | Found Gilobow's Distillery.
 25148 | Orc:2    | Bought a potion of curing for 42 gold pieces
 25148 | Orc:2    | Bought a potion of cancellation for 112 gold pieces
 25148 | Orc:2    | Bought a potion of curing for 42 gold pieces
 25148 | Orc:2    | Bought a potion of heal wounds for 70 gold pieces
 25148 | Orc:2    | Bought a potion of invisibility for 112 gold pieces
 25148 | Orc:2    | Bought 2 potions of cancellation for 224 gold pieces
 25182 | Orc:2    | Found Idghaecw's Jewellery Shoppe.
 25339 | D:13     | Received a gift from Sif Muna
 25340 | D:13     | Got Sif Muna's Folio of Macabre Sidekicks {god gift}
 25732 | D:13     | Found a corrupted altar of Lugonu.
 25936 | D:14     | Noticed Nessos
 25961 | D:14     | Killed Nessos
 26144 | D:14     | Found a viscous altar of Jiyva.
 26211 | D:14     | Noticed Urug
 26220 | D:14     | Killed Urug
 26546 | D:14     | Found Vuisidd's Assorted Antiques.
 26551 | D:14     | Bought a potion of lignification for 63 gold pieces
 26551 | D:14     | Bought a scroll of identify for 42 gold pieces
 26602 | D:14     | Found a gate to the Vaults.
 26787 | D:15     | Entered Level 15 of the Dungeon
 26842 | D:15     | Reached skill level 10 in Spellcasting
 26892 | D:15     | Found a staircase to the Depths.
 27095 | D:15     | Reached skill level 18 in Earth Magic
 27154 | D:15     | Reached XP level 16. HP: 97/101 MP: 30/30
 27167 | D:15     | Received a gift from Sif Muna
 27246 | D:15     | Reached ****** piety under Sif Muna
 27936 | D:15     | Found a shimmering blue altar of Sif Muna.
 28156 | D:13     | Killed Umme Otex's ghost
 28215 | D:13     | Reached skill level 5 in Shields
 28234 | D:13     | Bought a shimmering ring mail for 225 gold pieces
 28234 | D:13     | Identified the +4 ring mail "Dimiones" {rPois rC+ Will+}
                  | (You bought it in a shop on level 13 of the Dungeon)
 28260 | D:13     | Bought 2 potions of cancellation for 256 gold pieces
 28260 | D:13     | Bought a scroll of identify for 32 gold pieces
 28260 | D:13     | Bought a scroll of teleportation for 48 gold pieces
 28437 | Elf:1    | Entered Level 1 of the Elven Halls
 28640 | Elf:1    | Paralysed by an air elemental for 1 turns
 28644 | Elf:1    | Paralysed by an air elemental for 1 turns
 28720 | Elf:1    | Received a gift from Sif Muna
 28729 | Elf:1    | Got Sif Muna's Anthology of Massed Toxicity {god gift}
 28849 | Elf:1    | Reached skill level 10 in Necromancy
 29045 | Elf:1    | Reached skill level 19 in Earth Magic
 29087 | Elf:1    | Found Wemyf's Jewellery Shoppe.
 29089 | Elf:1    | Found Qummyf's Armour Shop.
 29358 | Elf:1    | Reached XP level 17. HP: 90/108 MP: 17/31
 29662 | Elf:2    | Found a flickering gateway to a bazaar.
 29674 | Bazaar   | Entered a bazaar
 29674 | Bazaar   | Found Mekyloit's General Store.
 29691 | Bazaar   | Found Noduukka's Weapon Shoppe.
 29697 | Bazaar   | Found Penloecs's Weapon Shop.
 29706 | Bazaar   | Found Najeira's Jewellery Shop.
 29711 | Bazaar   | Found Estuenadd's Weapon Shoppe.
 29826 | Bazaar   | Bought the ring of Qiat Won {rF+ Will- AC+4 Slay+3 SInv}
                  | for 939 gold pieces
 29859 | Bazaar   | Bought a scroll of blinking for 97 gold pieces
 29859 | Bazaar   | Bought a scroll of identify for 26 gold pieces
 29859 | Bazaar   | Bought a potion of curing for 39 gold pieces
 29859 | Bazaar   | Bought a scroll of blinking for 97 gold pieces
 30275 | Elf:2    | Identified the +12 long sword of Tension {freeze, Dex+5}
 30283 | Elf:2    | Found a runed translucent gate.
 30320 | Elf:2    | Found a runed translucent gate.
 30322 | Elf:2    | Found a runed translucent gate.
 30574 | Elf:2    | Reached skill level 10 in Dodging
 30601 | Elf:2    | Received a gift from Sif Muna
 30602 | Elf:2    | Got Sif Muna's Meditations on Unspeakable Liturgies {god
                  | gift}
 30727 | Elf:2    | Noticed a deep elf blademaster
 30747 | Elf:2    | Killed a deep elf blademaster
 31475 | Elf:3    | Entered Level 3 of the Elven Halls
 31613 | Elf:3    | Reached skill level 20 in Earth Magic
 31780 | Elf:3    | Paralysed by an air elemental for 1 turns
 31783 | Elf:3    | Paralysed by an air elemental for 1 turns
 31983 | Elf:3    | Reached XP level 18. HP: 115/115 MP: 16/33
 32375 | Elf:3    | Noticed an Ice Fiend
 32408 | Elf:3    | Identified the +11 hand axe "Ziogenie" {freeze, rN+ Dex+2}
 32513 | Elf:3    | Upgraded the game from 0.31-a0-234-gad7ace1 to
                  | 0.31-a0-236-g9a0961f
 32625 | Elf:3    | Identified the +2 leather armour of the Ego {rF+}
 32991 | Elf:3    | Identified the quicksilver dragon scales "Udebb" {Rampage
                  | Will+ Str+2}
 32991 | Elf:3    | Noticed a deep elf master archer
 33063 | Elf:3    | Identified the ring "Juososer" {rN+ Will+ Str+3 Int+2 SInv}
 33247 | Elf:3    | Killed a deep elf master archer
 33565 | Elf:3    | Identified the staff "Soisuc" {Fly rF+ Fire}
 33573 | Elf:3    | Identified a scroll of acquirement
 33575 | Elf:3    | Acquired 1245 gold pieces
 33590 | Elf:3    | Got Fiwoa's Compilation of Direction and the Shot
 33908 | Snake:1  | Entered Level 1 of the Snake Pit
 33909 | Snake:1  | Found Liebuq's Magic Scroll Emporium.
 33917 | Snake:1  | Found Xiyb Sau's General Store.
 33940 | Snake:1  | Bought a scroll of teleportation for 42 gold pieces
 33940 | Snake:1  | Bought a scroll of teleportation for 42 gold pieces
 33958 | Snake:1  | Found Bonnusott's Book Boutique.
 33966 | Snake:1  | Found Jughit's Magic Scroll Shoppe.
 33978 | Snake:1  | Bought a scroll of teleportation for 39 gold pieces
 33978 | Snake:1  | Bought a scroll of fog for 52 gold pieces
 34002 | Snake:1  | Found a flickering gateway to a bazaar.
 34011 | Bazaar   | Entered a bazaar
 34017 | Bazaar   | Found Zumieb's Jewellery Emporium.
 34017 | Bazaar   | Found Giarch's Book Shoppe.
 34188 | Snake:1  | Bought a scroll of fear for 56 gold pieces
 34226 | Snake:1  | Received a gift from Sif Muna
 34237 | Snake:1  | Got Ryegew's Catalogue of Fulgurant Coordinates {god gift}
 34287 | Snake:1  | Identified the ring "Wyifrobi" {rC+ Will+ Int+6}
 34313 | Snake:1  | Noticed Mlioglotl
 34341 | Snake:1  | Killed Mlioglotl
 34705 | Snake:2  | Found a transporter.
 34745 | Snake:2  | Found a transporter.
 34745 | Snake:2  | Noticed Kave's ghost (adept TrTm)
 34815 | Snake:2  | Reached skill level 1 in Conjurations
 34832 | Snake:2  | Reached skill level 21 in Earth Magic
 35700 | Snake:2  | Reached XP level 19. HP: 112/121 MP: 35/35
 35728 | Snake:3  | Acquired the +3 pair of mountain boots {steadfast, rC+}
 35728 | Snake:3  | Found the +3 pair of mountain boots {steadfast, rC+}
 35807 | Snake:3  | Reached skill level 5 in Conjurations
 36439 | Snake:3  | Received a gift from Sif Muna
 36810 | Snake:4  | Entered Level 4 of the Snake Pit
 37299 | Snake:4  | Learned a level 7 spell: Orb of Destruction
 37307 | Snake:4  | Learned a level 7 spell: Spellforged Servitor
 37996 | Snake:4  | Found Nilusote's Assorted Antiques.
 38004 | Snake:4  | Bought a potion of curing for 69 gold pieces
 38004 | Snake:4  | Bought a smoking ivory ring for 115 gold pieces
 38004 | Snake:4  | Identified the ring "Jecvisul" {rElec rC- MP+9 Dex+3
                  | Stlth+} (You bought it in a shop on level 4 of the Snake
                  | Pit)
 38004 | Snake:4  | Bought a scroll of butterflies for 92 gold pieces
 38004 | Snake:4  | Bought a potion of brilliance for 92 gold pieces
 38004 | Snake:4  | Bought a scroll of fog for 92 gold pieces
 38229 | Snake:4  | Received a gift from Sif Muna
 38290 | Snake:4  | Got a serpentine rune of Zot
 38439 | Shoals:1 | Entered Level 1 of the Shoals
 38666 | Shoals:1 | Noticed Kirke
 38702 | Shoals:1 | Killed Kirke
 38715 | Shoals:1 | Noticed Louise
 38726 | Shoals:1 | Killed Louise
 39013 | Shoals:1 | Reached skill level 22 in Earth Magic
 39403 | Shoals:2 | Reached skill level 1 in Staves
 39627 | Shoals:2 | Reached skill level 10 in Conjurations
 39718 | Shoals:2 | Reached skill level 1 in Summonings
 39893 | Shoals:2 | Reached skill level 1 in Evocations
 39895 | Shoals:2 | Reached XP level 20. HP: 87/127 MP: 37/37
 40337 | Shoals:3 | Received a gift from Sif Muna
 41274 | Shoals:4 | Entered Level 4 of the Shoals
 41289 | Shoals:4 | Found Ochail's Vocational Training.
 41298 | Shoals:4 | Bought a manual of Evocations for 1200 gold pieces
 41835 | Shoals:4 | Got a barnacled rune of Zot
 41932 | Shoals:4 | Found Fentymn's Book Shop.
 41989 | Shoals:4 | Received a gift from Sif Muna
 42008 | Shoals:4 | Got Sif Muna's Spellbook of Hiemal Permutations {god gift}
 42428 | Shoals:4 | Identified the ring "Lytirom" {Will+ AC+4 Int+3}
 43028 | Vaults:1 | Entered Level 1 of the Vaults
 43880 | Vaults:1 | Received a gift from Sif Muna
 43883 | Vaults:1 | Got Sif Muna's Book of Tephra and Combat Magic {god gift}
 43890 | Vaults:1 | Learned a level 5 spell: Borgnjor's Vile Clutch
 43899 | Vaults:1 | Learned a level 8 spell: Lehudib's Crystal Spear
 44496 | Vaults:2 | Found a staircase to the Crypt.
 44555 | Vaults:2 | Noticed Mara
 44557 | Vaults:2 | Noticed OneMonsteRemaining's illusion
 44594 | Vaults:1 | Reached XP level 21. HP: 132/132 MP: 28/38
 44710 | Vaults:2 | Reached skill level 5 in Staves
 44944 | Vaults:2 | Noticed Bai Suzhen
 44973 | Vaults:2 | Killed Bai Suzhen
 45025 | Vaults:2 | Noticed OneMonsteRemaining's illusion
 45111 | Vaults:2 | Killed Mara
 45171 | Vaults:2 | Noticed Asterion
 45176 | Vaults:2 | Killed Asterion
 45321 | Vaults:2 | Reached skill level 5 in Summonings
 45809 | Vaults:2 | Received a gift from Sif Muna
 45854 | Vaults:2 | Reached skill level 10 in Shields
 46069 | Vaults:3 | Reached skill level 5 in Evocations
 46329 | Vaults:3 | Reached skill level 15 in Fighting
 46353 | Vaults:3 | Reached skill level 23 in Earth Magic
 46586 | Vaults:3 | Identified the +6 dagger of the Equinox {flame, rPois rF+
                  | Will+}
 47603 | Vaults:4 | Reached XP level 22. HP: 140/140 MP: 21/39
 47802 | Vaults:4 | Received a gift from Sif Muna
 47807 | Vaults:4 | Reached skill level 15 in Armour
 47812 | Vaults:4 | Got Sif Muna's Tome of the Pyre and the Throng {god gift}
 47852 | Vaults:4 | Noticed Xtahua
 47866 | Vaults:4 | Killed Xtahua
 47902 | Vaults:4 | Found Midylol's Magic Scroll Emporium.
 47921 | Vaults:4 | Bought a scroll of teleportation for 42 gold pieces
 47921 | Vaults:4 | Bought 2 scrolls of teleportation for 84 gold pieces
 47921 | Vaults:4 | Bought a scroll of fog for 56 gold pieces
 48045 | Vaults:4 | Found Laulox's Magic Scroll Shoppe.
 48051 | Vaults:4 | Bought a scroll of blinking for 150 gold pieces
 48051 | Vaults:4 | Bought a scroll of blinking for 150 gold pieces
 48051 | Vaults:4 | Bought a scroll of fear for 80 gold pieces
 48051 | Vaults:4 | Bought a scroll of fog for 80 gold pieces
 48929 | Crypt:1  | Entered Level 1 of the Crypt
 49576 | Crypt:2  | Received a gift from Sif Muna
 49689 | Crypt:2  | Got Upexe's Annotations on Overcast Correspondence {god
                  | gift}
 50252 | Crypt:2  | Found a runed translucent door.
 50256 | Crypt:2  | Noticed Zoalos's ghost (veteran GrEE)
 50268 | Crypt:2  | Killed Zoalos's ghost
 50734 | Crypt:3  | Entered Level 3 of the Crypt
 50932 | Crypt:3  | Found a staircase to the Tomb.
 50937 | Crypt:3  | Reached XP level 23. HP: 135/145 MP: 41/41
 51056 | Crypt:3  | Noticed Margery
 51069 | Crypt:3  | Received a gift from Sif Muna
 51073 | Crypt:3  | Killed Margery
 51110 | Crypt:3  | HP: 6/145 [ancient champion/+0 heavy great mace (10)]
 51474 | Crypt:3  | Identified the ring "Jaqasyt" {rCorr Str+6 Dex+4}
 51851 | Crypt:3  | Learned a level 9 spell: Shatter
 51947 | Crypt:3  | Found a basalt altar of Yredelemnul.
 51954 | Crypt:3  | Found an ancient bone altar of Kikubaaqudgha.
 52296 | Depths:1 | Entered Level 1 of the Depths
 52296 | Depths:1 | Noticed the Enchantress
 52343 | D:15     | Killed the Enchantress
 52495 | D:15     | Received a gift from Sif Muna
 52496 | D:15     | Got Sif Muna's Practical Spellcraft {god gift}
 52568 | Depths:1 | Noticed a juggernaut
 52569 | Depths:1 | Noticed a golden dragon
 52739 | Depths:1 | Reached skill level 24 in Earth Magic
 52850 | Depths:1 | Noticed Nikola
 52877 | Depths:1 | Killed Nikola
 53051 | Depths:1 | Found a gateway to Hell.
 53067 | Depths:1 | Identified the +0 pair of boots "Hiewnad" {-Cast rElec
                  | rN+++ Int-4}
 53120 | Depths:1 | Found a one-way gateway to a ziggurat.
 53950 | Depths:2 | Found a portal to a secret trove of treasure.
 54079 | D:13     | Bought the +7 great mace "Firestarter" {flame, immolate,
                  | rFlCloud rF++} for 1139 gold pieces
 54079 | D:13     | Found the +7 great mace "Firestarter" {flame, immolate,
                  | rFlCloud rF++}
 54191 | Depths:2 | You paid a toll of the great mace "Firestarter" to enter a
                  | treasure trove
 54192 | Trove    | Entered a treasure trove
 54203 | Trove    | Identified the +6 dagger "Ihifecs" {antimagic, Dex+2}
 54204 | Trove    | Identified the +6 dagger of Karma {antimagic, rC+ Dex+5
                  | Stlth+}
 54205 | Trove    | Identified the +4 hand axe "Guexzott" {antimagic, rN+ Str-3
                  | Int+5 Dex+2}
 54212 | Trove    | Identified the +5 whip "Bedumoem" {heavy, rN+++ Str+5 Int-2
                  | Dex-2}
 54214 | Trove    | Identified the +4 whip of the End {heavy, rF+ Int-5 Stlth+}
 54221 | Trove    | Identified the +7 whip of the Brewing Fox {pain, rC+ Str+3
                  | Int+2}
 54225 | Trove    | Identified the +4 hand axe of Impatience {pain, rF+ rCorr
                  | Int+3 Dex+2}
 54232 | Trove    | Identified the +1 dagger "Kakla" {flame, rN++ MP+9 Dex+3}
 54233 | Trove    | Identified the +6 spear "Vosas" {flame, rPois Will- MP+9}
 54495 | Depths:2 | Found a corrupted altar of Lugonu.
 54582 | Depths:2 | Found a one-way gate leading to the halls of Pandemonium.
 54640 | Depths:2 | Found Rije's Distillery.
 54647 | Depths:2 | Bought a potion of might for 84 gold pieces
 54647 | Depths:2 | Bought a potion of heal wounds for 105 gold pieces
 54647 | Depths:2 | Bought a potion of resistance for 210 gold pieces
 54647 | Depths:2 | Bought a potion of heal wounds for 105 gold pieces
 54647 | Depths:2 | Bought a potion of curing for 63 gold pieces
 54647 | Depths:2 | Bought a potion of mutation for 168 gold pieces
 54678 | Depths:2 | Received a gift from Sif Muna
 54681 | Depths:2 | Got Sif Muna's Codex of Xenomorphic Nephomancy {god gift}
 54713 | Depths:2 | Reached XP level 24. HP: 141/152 MP: 41/41
 54732 | Depths:2 | Got the Tractate on the Glacial Salamander
 55396 | Depths:3 | Reached skill level 10 in Staves
 55703 | Depths:3 | Noticed a juggernaut
 55710 | Depths:3 | Noticed a juggernaut
 55781 | Depths:3 | Killed a juggernaut
 55793 | Depths:2 | Killed a juggernaut
 55795 | Depths:2 | Received a gift from Sif Muna
 55891 | Depths:3 | Noticed Sojobo
 55900 | Depths:3 | Killed Sojobo
 56194 | Depths:3 | Noticed a caustic shrike
 56195 | Depths:3 | Noticed Vv
 56202 | Depths:3 | Killed a caustic shrike
 56219 | Depths:3 | Killed Vv
 56220 | Depths:3 | Reached skill level 15 in Conjurations
 56370 | Depths:3 | Identified the +1 scale mail of Yesterday {rPois rN+}
 56747 | Depths:4 | Entered Level 4 of the Depths
 56921 | Depths:4 | Received a gift from Sif Muna
 56922 | Depths:4 | Reached skill level 10 in Summonings
 57057 | Depths:3 | Reached XP level 25. HP: 123/159 MP: 32/41
 57115 | Depths:4 | Got Weysiwnu's Atlas of Diablerie and Exhalation {god gift}
 57262 | Depths:4 | Identified the +2 arbalest of the Ancient Artisans {heavy,
                  | Will+ Int+4 Dex+2 Stlth+}
 57288 | Depths:4 | Found a gate to the Realm of Zot.
 58161 | Slime:1  | Entered Level 1 of the Pits of Slime
 58194 | Slime:1  | Gained mutation: You are weak. (Str -2) [a shining eye]
 58279 | Slime:1  | Gained mutation: You occasionally shout uncontrollably at
                  | your foes. [a shining eye]
 58540 | Slime:1  | Reached skill level 10 in Evocations
 59236 | Slime:3  | Received a gift from Sif Muna
 59527 | Slime:4  | Noticed Dissolution
 59533 | Slime:3  | Reached skill level 25 in Earth Magic
 59677 | Slime:5  | Entered Level 5 of the Pits of Slime
 59793 | Slime:5  | Noticed the Royal Jelly
 60064 | Slime:2  | Received a gift from Sif Muna
 60163 | Slime:4  | Gained mutation: You have hidden genetic defects. [a
                  | shining eye]
 60167 | Slime:4  | Reached skill level 15 in Spellcasting
 60167 | Slime:4  | Lost mutation: You occasionally shout uncontrollably at
                  | your foes. [potion of mutation]
 60167 | Slime:4  | Lost mutation: You are weak. (Str -2) [potion of mutation]
 60167 | Slime:4  | Gained mutation: You occasionally lose the ability to read
                  | scrolls when taking damage. [potion of mutation]
 60168 | Slime:4  | Lost mutation: You occasionally lose the ability to read
                  | scrolls when taking damage. [potion of mutation]
 60168 | Slime:4  | Lost mutation: You have hidden genetic defects. [potion of
                  | mutation]
 60168 | Slime:4  | Gained mutation: Your body sometimes deteriorates upon
                  | taking damage. [potion of mutation]
 60168 | Slime:4  | Gained mutation: Your muscles are strong. (Str +4, Int/Dex
                  | -1) [potion of mutation]
 60168 | Slime:4  | Gained mutation: Your movements are slightly less
                  | encumbered by armour. (ER -2) [potion of mutation]
 60192 | Slime:3  | Killed Dissolution
 60523 | Slime:5  | Found a viscous altar of Jiyva.
 60759 | Slime:5  | Killed the Royal Jelly
 60789 | Slime:5  | Identified the +2 cloak "Nemiemoh" {rC+}
 60818 | Slime:5  | Got a slimy rune of Zot
 60819 | Slime:5  | Identified the ring "Muosteap" {rC+++ rCorr Stlth-}
 60828 | Slime:5  | Identified the amulet "Roxaoma" {RegenMP Harm Fragile Str+5
                  | Slay+6}
 60888 | Slime:5  | Identified the +8 battleaxe "Efoim" {drain, Will+}
 60890 | Slime:5  | Identified the amulet of the Saviour {Reflect rElec rPois
                  | SH+5}
 60912 | Slime:5  | Identified the +5 scale mail of Poebomisi {rC- Int+7}
 61476 | Zot:1    | Entered Level 1 of the Realm of Zot
 61725 | Zot:1    | Reached XP level 26. HP: 133/166 MP: 33/42
 61826 | Zot:1    | Received a gift from Sif Muna
 61829 | Zot:1    | Got Sif Muna's Guidebook on the Volcanic Salvo {god gift}
 62311 | Zot:1    | Acquired the +2 cloak "Modgheet" {Dex+3}
 62547 | Zot:1    | Paralysed by you for 3 turns
 62769 | Zot:1    | Acquired 666 gold pieces
 62972 | Zot:2    | Found a transporter.
 63061 | Zot:2    | Found a transporter.
 63178 | Zot:2    | Found a transporter.
 63182 | Zot:2    | Found a transporter.
 63897 | Zot:2    | Noticed an orb of fire
 63903 | Zot:2    | Killed an orb of fire
 63958 | Zot:2    | Found a transporter.
 63963 | Zot:2    | Found a transporter.
 64213 | Zot:3    | Noticed a Killer Klown
 64235 | Zot:2    | Killed a Killer Klown
 64274 | Zot:3    | Identified the +8 quarterstaff "Fofraj" {venom, Str+3
                  | Stlth-}
 64506 | Zot:3    | Noticed an orb of fire
 64566 | Zot:3    | Noticed a Killer Klown
 64570 | Zot:3    | Noticed a Killer Klown
 64576 | Zot:3    | Noticed a dread lich
 64615 | Zot:3    | Killed a Killer Klown
 64635 | Zot:3    | Gained mutation: Armour fits poorly on your strangely
                  | shaped body. [an orb of fire]
 64641 | Zot:3    | Killed an orb of fire
 64667 | Zot:3    | Received a gift from Sif Muna
 64668 | Zot:3    | Got Sif Muna's Exposition on Forms {god gift}
 64730 | Zot:3    | Reached skill level 26 in Earth Magic
 64862 | Zot:3    | Noticed a Killer Klown
 64888 | Zot:3    | Killed a Killer Klown
 65012 | Zot:3    | Noticed a Killer Klown
 65117 | Zot:3    | Killed a Killer Klown
 65118 | Zot:3    | Reached XP level 27. HP: 171/173 MP: 25/42
 65978 | Zot:4    | Identified the +6 scale mail "Sechael" {Int+5}
 66218 | Zot:4    | Received a gift from Sif Muna
 66634 | Zot:5    | Entered Level 5 of the Realm of Zot
 66730 | Zot:5    | Found a large runed translucent door.
 66730 | Zot:5    | Found a large runed translucent door.
 66732 | Zot:5    | Noticed dontdoit's ghost (legendary GrFE)
 67195 | Zot:5    | Killed dontdoit's ghost
 67234 | Zot:5    | Identified the ring "Xomm" {rPois rCorr EV+5 Str+7 Int+3
                  | Slay-4}
 67485 | Zig:1    | Entered Level 1 of a ziggurat
 67485 | Zig:1    | Noticed Yleusy the pandemonium lord
 67495 | Zig:1    | Killed Yleusy the pandemonium lord
 67519 | Zig:2    | Entered Level 2 of a ziggurat
 67519 | Zig:2    | Noticed Ryhil the pandemonium lord
 67535 | Zig:2    | Killed Ryhil the pandemonium lord
 67569 | Zig:3    | Entered Level 3 of a ziggurat
 67579 | Zig:3    | Reached skill level 1 in Invocations
 67607 | Zig:4    | Entered Level 4 of a ziggurat
 67607 | Zig:4    | Noticed Ropuli the pandemonium lord
 67609 | Zig:4    | Killed Ropuli the pandemonium lord
 67662 | Zig:5    | Entered Level 5 of a ziggurat
 67687 | Zig:5    | Identified the +2 falchion of the Wasp {freeze, Fly Dex+5}
 67705 | Zig:6    | Entered Level 6 of a ziggurat
 67719 | Zig:6    | Identified the amulet "Sirig" {rN+ Regen+ Str+4 Stlth+}
 67728 | Zig:6    | Identified the +7 glaive "Ycemuhom" {spect, rElec rCorr
                  | Str+4}
 67764 | Zig:7    | Entered Level 7 of a ziggurat
 67780 | Zig:7    | Identified the ring "Synil" {rCorr SInv}
 67810 | Zig:8    | Entered Level 8 of a ziggurat
 67833 | Zig:8    | Identified the +3 giant club of the Shining Light {holy,
                  | rPois Int+6}
 67839 | Zig:8    | Identified the +3 trident "Rylohy" {antimagic, Drain Str+7
                  | Dex+9 Stlth-}
 67848 | Zig:8    | Identified the +2 morningstar of Abuse {holy, rN+ Str+2}
 67859 | Zig:9    | Entered Level 9 of a ziggurat
 67868 | Zig:9    | Received a gift from Sif Muna
 67886 | Zig:9    | Identified the +0 robe of the Poles {rN+ rCorr}
 67890 | Zig:9    | Identified the staff "Soarhone" {rPois rF+ Will+++ Str+2
                  | Int-2 Fire}
 67934 | Zig:10   | Entered Level 10 of a ziggurat
 67939 | Zig:10   | Noticed Hecate's ghost (veteran GrFi)
 67949 | Zig:10   | Killed Hecate's ghost
 67993 | Zig:10   | Reached skill level 5 in Invocations
 68017 | Zig:11   | Entered Level 11 of a ziggurat
 68025 | Zig:11   | Noticed a dread lich
 68026 | Zig:11   | Noticed an ancient lich
 68029 | Zig:11   | Killed a dread lich
 68029 | Zig:11   | Killed an ancient lich
 68030 | Zig:11   | Reached skill level 27 in Earth Magic
 68056 | Zig:11   | Identified the +8 rapier of Big Damage {holy, rF- rN+
                  | Stlth+}
 68058 | Zig:11   | Identified the +11 long sword of Internal Strife {distort,
                  | rElec Str+3}
 68067 | Zig:11   | Identified the staff "Pargh" {Fly rElec rN++ Air}
 68073 | Zig:12   | Entered Level 12 of a ziggurat
 68172 | Zig:13   | Entered Level 13 of a ziggurat
 68186 | Zig:13   | Received a gift from Sif Muna
 68192 | Zig:13   | Got Sif Muna's Encyclopedia of Bright Embers {god gift}
 68221 | Zig:13   | Identified the +2 leather armour "Namid" {rF+ Regen+ Str-4
                  | SInv}
 68251 | Zig:13   | Learned a level 8 spell: Ignition
 68253 | Zig:14   | Entered Level 14 of a ziggurat
 68265 | Zig:14   | Reached skill level 1 in Fire Magic
 68293 | Zig:14   | Reached skill level 5 in Fire Magic
 68337 | Zig:14   | Identified the ring "Corchercho" {+Blink rPois Will+ AC+4}
 68339 | Zig:14   | Identified the +1 hat "Lejul" {Will- rCorr Stlth+}
 68369 | Zig:15   | Entered Level 15 of a ziggurat
 68428 | Zig:15   | Identified the ring of Gixzarpheyst {Wiz Will- rCorr
                  | Slay+2}
 68431 | Zig:15   | Identified the +8 dire flail "Puucaosi" {venom, rN+ Str+2}
 68440 | Zig:15   | Identified the +8 dagger of Doom {heavy, rPois Int+6}
 68441 | Zig:15   | Identified the +5 war axe of Fatigue {drain, rPois Will++
                  | Dex+3}
 68445 | Zig:15   | Identified the staff of the Crushed Suns {rN+ Str+5 Int-3
                  | Earth}
 68453 | Zig:16   | Entered Level 16 of a ziggurat
 68472 | Zig:16   | Received a gift from Sif Muna
 68473 | Zig:16   | Reached skill level 15 in Shields
 68476 | Zig:16   | Found the +7 great mace "Undeadhunter" {deathbane, rN+}
 68571 | Zig:16   | Identified the amulet of Ixky {Acrobat rF- rC+ Dex+4}
 68586 | Zig:16   | Identified the amulet "Duifra Vuoki" {RegenMP rElec Str+3
                  | Int-4 Dex+3}
 68594 | Zig:16   | Identified the +7 giant club of the Reaper {heavy, rPois
                  | Will+}
 68598 | Zig:16   | Acquired the scarf of Qisamen {repulsion, Harm Str+3}
 68609 | Zig:17   | Entered Level 17 of a ziggurat
 68625 | Zig:17   | Reached skill level 10 in Invocations
 68655 | Zig:17   | Identified the +3 leather armour "Gepevib" {Regen+}
 68761 | Zig:18   | Entered Level 18 of a ziggurat
 68777 | Zig:18   | Received a gift from Sif Muna
 68792 | Zig:18   | Got Sif Muna's Parchment of Bones and Hail {god gift}
 68815 | Zig:18   | Found the +4 skin of Zhor {*Englaciate rC+++ SInv}
 68829 | Zig:18   | Identified the staff "Mudwirott" {rElec Conj}
 68838 | Zig:18   | Identified the +1 cloak "Qamegex" {rC+ Will- Dex+4}
 68860 | Zig:18   | Identified the +10 spear "Killer Bee's Doom" {flame, rF+
                  | rCorr Int-4 Dex+2}
 68877 | Zig:19   | Entered Level 19 of a ziggurat
 68902 | Zig:19   | Reached skill level 10 in Fire Magic
 68902 | Zig:19   | Gained mutation: Your body often deteriorates upon taking
                  | damage. [a shining eye]
 68946 | Zig:19   | Identified the +2 quarterstaff of Dishonour {freeze, Fly
                  | Str-2 Int+5}
 68951 | Zig:19   | Identified the amulet "Gyugof" {Faith -Tele rPois Will+++
                  | Str-5}
 68957 | Zig:19   | Identified the ring of Jahestru {rPois rF+ Int-3 Dex+3
                  | SInv}
 68962 | Zig:20   | Entered Level 20 of a ziggurat
 68986 | Zig:20   | Found the ring of Shadows {Umbra +Inv Stlth+}
 68986 | Zig:20   | Found the ring of the Tortoise {AC+8}
 69010 | Zig:20   | Identified the +10 short sword of Inference {holy, Dex+4}
 69182 | Zig:21   | Entered Level 21 of a ziggurat
 69202 | Zig:21   | Noticed an ancient lich
 69205 | Zig:21   | Killed an ancient lich
 69206 | Zig:21   | Noticed an ancient lich
 69209 | Zig:21   | Killed an ancient lich
 69237 | Zig:21   | Identified the +1 shortbow of Miunon {flame, rC+ rN+ MP-9
                  | Int+3 Dex+3}
 69238 | Zig:21   | Identified the +1 scimitar "Bung" {heavy, Str+2 Dex+2}
 69240 | Zig:21   | Identified the staff of Doom {rC+ Int+5 Ice}
 69246 | Zig:21   | Identified the +0 plate armour "Gabonurr" {Fly rPois Dex-3}
 69251 | Zig:21   | Identified the +7 flail of the Pharaoh's Fist {flame, rC++
                  | Will+++ Dex-2}
 69264 | Zig:21   | Identified the +4 scale mail of Resonance {Dex+7 Slay-4}
 69286 | Zig:22   | Entered Level 22 of a ziggurat
 69315 | Zig:22   | HP: 2/184 [Brimstone Fiend/damnation (36)]
 69374 | Zig:22   | Found the +10 dark maul {heavy}
 69385 | Zig:22   | Identified the ring of Gezoripuru {rPois rN+}
 69391 | Zig:22   | Identified the amulet of Ydientud {Spirit Str+4 Slay+2}
 69394 | Zig:22   | Identified the ring "Qoemoc" {Str+4 SInv}
 69403 | Zig:22   | Identified the +0 cloak "Fenic" {rN+ Regen+ Slay-5}
 69406 | Zig:22   | Identified the +8 shortbow "Birurgh" {flame, Fragile rPois
                  | MP+9 Stlth+}
 69407 | Zig:22   | Identified the +6 scimitar of the Big Bang {holy, rF+ rC+}
 69408 | Zig:22   | Identified the +5 scale mail of Degh {*Slow rN++}
 69437 | Zig:23   | Entered Level 23 of a ziggurat
 69456 | Zig:23   | Reached skill level 15 in Invocations
 69482 | Zig:23   | Found the -2 hat of the Alchemist {rElec rPois rF+ rC+ rN+
                  | Will+ rMut rCorr}
 69491 | Zig:23   | Identified the +0 trident "Haoch" {flame, rN+ Str+5}
 69504 | Zig:23   | Identified the +0 robe of Virtue {Dex+4}
 69513 | Zig:23   | Identified the +8 chain mail "Amuisi" {rPois}
 69530 | Zig:24   | Entered Level 24 of a ziggurat
 69575 | Zig:24   | Found the +3 Elemental Staff {rElec rF+ rC+ AC+3}
 69588 | Zig:24   | Reached skill level 15 in Fire Magic
 69589 | Zig:24   | Identified the +5 scimitar of Capital Punishment {speed,
                  | Str+3 Dex+2}
 69594 | Zig:24   | Identified the staff of the Shouting Dragonfly {rF+ Stlth+
                  | Fire}
 69596 | Zig:24   | Identified the +3 cloak of Conscience {Harm Rampage MP+9
                  | Str-5 Slay-2}
 69599 | Zig:24   | Identified the +7 shortbow "Lunil" {drain, +Blink rPois
                  | Str+2 Dex+3}
 69602 | Zig:24   | Identified the ring of Cefruh {Wiz Will+ rCorr Int+3}
 69616 | Zig:24   | Identified the +3 falchion "Xiku" {drain, *Corrode rElec
                  | Str+3}
 69743 | Zig:25   | Entered Level 25 of a ziggurat
 69757 | Zig:25   | Noticed Macraqyh the pandemonium lord
 69763 | Zig:25   | Noticed Ymoogek the pandemonium lord
 69763 | Zig:25   | Noticed Foewa the pandemonium lord
 69764 | Zig:25   | Noticed Sostah the pandemonium lord
 69764 | Zig:25   | Noticed Ilyow the pandemonium lord
 69765 | Zig:25   | Noticed Xiha the pandemonium lord
 69766 | Zig:25   | Noticed Myav the pandemonium lord
 69767 | Zig:25   | Noticed Ifiercho the pandemonium lord
 69767 | Zig:25   | Killed Ilyow the pandemonium lord
 69767 | Zig:25   | Noticed Xyonkorch the pandemonium lord
 69768 | Zig:25   | Noticed Qeol the pandemonium lord
 69768 | Zig:25   | Noticed Agufeges the pandemonium lord
 69768 | Zig:25   | Noticed Xewneloq the pandemonium lord
 69769 | Zig:25   | Noticed Xoetum the pandemonium lord
 69770 | Zig:25   | Noticed Raitan the pandemonium lord
 69770 | Zig:25   | Noticed Jeodoxie the pandemonium lord
 69771 | Zig:25   | Killed Sostah the pandemonium lord
 69771 | Zig:25   | Killed Qeol the pandemonium lord
 69771 | Zig:25   | Killed Xewneloq the pandemonium lord
 69772 | Zig:25   | Killed Jeodoxie the pandemonium lord
 69774 | Zig:25   | Killed Ymoogek the pandemonium lord
 69775 | Zig:25   | Noticed Quzaot the pandemonium lord
 69776 | Zig:25   | Killed Raitan the pandemonium lord
 69778 | Zig:25   | Killed Foewa the pandemonium lord
 69779 | Zig:25   | Killed Agufeges the pandemonium lord
 69803 | Zig:25   | Killed Myav the pandemonium lord
 69808 | Zig:25   | Killed Xyonkorch the pandemonium lord
 69810 | Zig:25   | Killed Quzaot the pandemonium lord
 69817 | Zig:25   | Killed Xoetum the pandemonium lord
 69833 | Zig:25   | Killed Macraqyh the pandemonium lord
 69838 | Zig:25   | Killed Xiha the pandemonium lord
 69853 | Zig:25   | Identified the ring "Erisahuy" {MP+9 Str+5 Slay+2}
 69862 | Zig:25   | Identified the +2 flail "Acuwud" {heavy, Drain rPois Str+4
                  | Dex+3}
 69889 | Zig:25   | Identified the +5 orcbow of the Shifting Gods {heavy,
                  | Str+5}
 69916 | Zig:25   | Killed Ifiercho the pandemonium lord
 70005 | Zig:26   | Entered Level 26 of a ziggurat
 70174 | Zig:26   | Found the +3 hat of Pondering {ponderous, Will+ MP+10
                  | Int+5}
 70200 | Zig:26   | Identified the orb "Togyguan" {*channel, rPois rC++ Dex+3}
 70205 | Zig:26   | Identified the +1 sling of Recklessness {flame, *Slow Str+2
                  | Dex+2}
 70222 | Zig:26   | Identified the ring "Neqosch" {Fire Int+5}
 70233 | Zig:27   | Entered Level 27 of a ziggurat
 70256 | Zig:27   | Gained mutation: You occasionally lose the ability to drink
                  | potions when taking damage. [a shining eye]
 70256 | Zig:27   | Gained mutation: Your spells are a little easier to cast,
                  | but a little less powerful. [a shining eye]
 70342 | Zig:27   | Gained mutation: You sometimes lose the ability to drink
                  | potions when taking damage. [a shining eye]
 70441 | Zig:27   | Found the +8 mithril axe "Arga" {speed, Will+}
 70444 | Zig:27   | Found the +2 cloak of the Thief {*Fog Slay-2 SInv Stlth+}
 70525 | Zig:27   | Identified the amulet "Xuckuvve" {Spirit Rampage}
 70554 | Zig:27   | Identified the ring of the Messenger {rElec Int+3 SInv}
 70698 | Depths:1 | Learned a level 9 spell: Polar Vortex
 70703 | Depths:1 | Learned a level 2 spell: Wereblood
 70707 | Zig:1    | Entered Level 1 of a ziggurat
 70707 | Zig:1    | Noticed a dread lich
 70712 | Zig:1    | Killed a dread lich
 70713 | Zig:1    | Reached skill level 1 in Ice Magic
 70762 | Zig:2    | Entered Level 2 of a ziggurat
 70762 | Zig:2    | Noticed a dread lich
 70764 | Zig:2    | Killed a dread lich
 70824 | Zig:3    | Entered Level 3 of a ziggurat
 70907 | Zig:4    | Entered Level 4 of a ziggurat
 70937 | Zig:5    | Entered Level 5 of a ziggurat
 70938 | Zig:5    | Noticed Ynlyagas the pandemonium lord
 70949 | Zig:5    | Killed Ynlyagas the pandemonium lord
 71014 | Zig:6    | Entered Level 6 of a ziggurat
 71072 | Zig:7    | Entered Level 7 of a ziggurat
 71124 | Zig:8    | Entered Level 8 of a ziggurat
 71141 | Zig:8    | Found the +7 sceptre of Torment {pain, torment}
 71153 | Zig:8    | Reached skill level 10 in Ice Magic
 71170 | Zig:8    | Identified the +5 quarterstaff of Rixto {distort, *Slow
                  | rPois rCorr}
 71177 | Zig:9    | Entered Level 9 of a ziggurat
 71227 | Zig:9    | Acquired 914 gold pieces
 71234 | Zig:9    | Identified the +8 long sword of Vuxkoe Ruhe {freeze, Fly
                  | rPois Dex+4}
 71277 | Zig:10   | Entered Level 10 of a ziggurat
 71285 | Zig:10   | Noticed a dread lich
 71286 | Zig:10   | Noticed an ancient lich
 71289 | Zig:10   | Killed a dread lich
 71290 | Zig:10   | Killed an ancient lich
 71310 | Zig:10   | Identified the +5 shortbow of Inquiry {freeze, Str+4}
 71323 | Zig:11   | Entered Level 11 of a ziggurat
 71327 | Zig:11   | Noticed a royal mummy
 71328 | Zig:11   | Noticed a royal mummy
 71331 | Zig:11   | Noticed a royal mummy
 71333 | Zig:11   | Noticed a royal mummy
 71335 | Zig:11   | Killed a royal mummy
 71335 | Zig:11   | Killed a royal mummy
 71336 | Zig:11   | Killed a royal mummy
 71338 | Zig:11   | Killed a royal mummy
 71448 | Zig:11   | Identified the +0 pair of gloves of Tulips {Rampage rC+}
 71452 | Zig:11   | Identified the +1 leather armour "Trusted Companion" {rPois
                  | Str+2 Slay+3}
 71462 | Zig:11   | Identified the +0 chain mail of Truth {Will+ Slay+5}
 71463 | Zig:11   | Identified the +0 plate armour "Zokkupn" {rPois}
 71473 | Zig:12   | Entered Level 12 of a ziggurat
 71484 | Zig:12   | Found the +3 robe of Clouds {*Thunder rCloud rElec}
 71542 | Zig:13   | Entered Level 13 of a ziggurat
 71555 | Zig:13   | Reached skill level 15 in Ice Magic
 71580 | Zig:13   | Identified the +3 hand axe "Hirof" {heavy, Contam rElec
                  | rC++ SInv}
 71614 | Zig:14   | Entered Level 14 of a ziggurat
 71629 | Zig:14   | Noticed Erchec the pandemonium lord
 71862 | Tomb:1   | Entered Level 1 of the Tomb of the Ancients
 72034 | Tomb:1   | Noticed a royal mummy
 72034 | Tomb:1   | Noticed a royal mummy
 72038 | Tomb:1   | Noticed a royal mummy
 72039 | Tomb:1   | Noticed a royal mummy
 72043 | Tomb:1   | Noticed a royal mummy
 72117 | Tomb:1   | Lost mutation: Your muscles are strong. (Str +4, Int/Dex
                  | -1) [potion of mutation]
 72117 | Tomb:1   | Lost mutation: Your spells are a little easier to cast, but
                  | a little less powerful. [potion of mutation]
 72117 | Tomb:1   | Lost mutation: Your body often deteriorates upon taking
                  | damage. [potion of mutation]
 72118 | Tomb:1   | Lost mutation: Armour fits poorly on your strangely shaped
                  | body. [potion of mutation]
 72118 | Tomb:1   | Lost mutation: Your movements are slightly less encumbered
                  | by armour. (ER -2) [potion of mutation]
 72118 | Tomb:1   | Gained mutation: You expend magic power (3 MP) to
                  | strengthen your wands. [potion of mutation]
 72118 | Tomb:1   | Gained mutation: You have sharp toenails. [potion of
                  | mutation]
 72124 | Tomb:1   | Lost mutation: You have sharp toenails. [potion of
                  | mutation]
 72124 | Tomb:1   | Lost mutation: You sometimes lose the ability to drink
                  | potions when taking damage. [potion of mutation]
 72124 | Tomb:1   | Lost mutation: You occasionally lose the ability to drink
                  | potions when taking damage. [potion of mutation]
 72124 | Tomb:1   | Gained mutation: Your mind is acute. (Int +4, Str/Dex -1)
                  | [potion of mutation]
 72124 | Tomb:1   | Gained mutation: Your movements are slightly less
                  | encumbered by armour. (ER -2) [potion of mutation]
 72124 | Tomb:1   | Gained mutation: You are strong-willed. (Will+) [potion of
                  | mutation]
 72125 | Tomb:1   | Lost mutation: Your body sometimes deteriorates upon taking
                  | damage. [potion of mutation]
 72125 | Tomb:1   | Lost mutation: You expend magic power (3 MP) to strengthen
                  | your wands. [potion of mutation]
 72125 | Tomb:1   | Lost mutation: You are strong-willed. (Will+) [potion of
                  | mutation]
 72180 | Tomb:1   | Noticed a royal mummy
 72182 | Tomb:1   | Killed a royal mummy
 72190 | Tomb:1   | Killed a royal mummy
 72196 | Tomb:1   | Killed a royal mummy
 72222 | Tomb:1   | Noticed a royal mummy
 72231 | Tomb:1   | Killed a royal mummy
 72286 | Tomb:1   | Noticed a royal mummy
 72287 | Tomb:1   | Noticed a royal mummy
 72296 | Tomb:1   | Killed a royal mummy
 72301 | Tomb:1   | Killed a royal mummy
 72363 | Tomb:1   | Noticed a royal mummy
 72372 | Tomb:1   | Killed a royal mummy
 72398 | Tomb:1   | Noticed a royal mummy
 72404 | Tomb:1   | Noticed a royal mummy
 72405 | Tomb:1   | Killed a royal mummy
 72409 | Tomb:1   | Killed a royal mummy
 72573 | Tomb:1   | Noticed a royal mummy
 72588 | Tomb:1   | Killed a royal mummy
 72620 | Tomb:1   | Noticed a royal mummy
 72630 | Tomb:1   | Noticed a royal mummy
 72632 | Tomb:1   | Killed a royal mummy
 72642 | Tomb:1   | Noticed a royal mummy
 72645 | Tomb:1   | Noticed a royal mummy
 72647 | Tomb:1   | Killed a royal mummy
 72649 | Tomb:1   | Noticed a royal mummy
 72649 | Tomb:1   | Killed a royal mummy
 72714 | Tomb:1   | Killed a royal mummy
 72717 | Tomb:1   | Noticed a royal mummy
 72729 | Tomb:1   | Killed a royal mummy
 72772 | Tomb:1   | Killed a royal mummy
 73112 | Tomb:1   | Killed a royal mummy
 73181 | Tomb:1   | Noticed a royal mummy
 73183 | Tomb:1   | Noticed a royal mummy
 73187 | Tomb:1   | Killed a royal mummy
 73189 | Tomb:1   | Killed a royal mummy
 73266 | Tomb:1   | Noticed a royal mummy
 73269 | Tomb:1   | Killed a royal mummy
 73269 | Tomb:1   | Killed a royal mummy
 73356 | Tomb:1   | Noticed a royal mummy
 73362 | Tomb:1   | Killed a royal mummy
 73384 | Tomb:1   | Noticed a royal mummy
 73389 | Tomb:1   | Killed a royal mummy
 73592 | Tomb:2   | Noticed a royal mummy
 73600 | Tomb:2   | Noticed a royal mummy
 73620 | Tomb:2   | Killed a royal mummy
 73620 | Tomb:2   | Noticed a royal mummy
 73624 | Tomb:2   | Killed a royal mummy
 73628 | Tomb:2   | Noticed a royal mummy
 73629 | Tomb:2   | Noticed a royal mummy
 73632 | Tomb:2   | Killed a royal mummy
 73633 | Tomb:2   | Killed a royal mummy
 73638 | Tomb:2   | Killed a royal mummy
 73725 | Tomb:1   | Killed a royal mummy
 74304 | Tomb:3   | Entered Level 3 of the Tomb of the Ancients
 74304 | Tomb:3   | Noticed a royal mummy
 74304 | Tomb:3   | Noticed Boris
 74305 | Tomb:3   | Noticed a royal mummy
 74305 | Tomb:3   | Noticed a royal mummy
 74305 | Tomb:3   | Noticed a royal mummy
 74315 | Tomb:3   | Noticed a royal mummy
 74316 | Tomb:3   | Noticed a royal mummy
 74449 | Tomb:3   | Noticed a royal mummy
 74460 | Tomb:3   | Noticed a royal mummy
 74463 | Tomb:3   | Killed a royal mummy
 74463 | Tomb:3   | Killed a royal mummy
 74466 | Tomb:2   | Killed a royal mummy
 74626 | Tomb:3   | Noticed a royal mummy
 74633 | Tomb:3   | Killed a royal mummy
 74638 | Tomb:3   | Killed a royal mummy
 74638 | Tomb:3   | Killed a royal mummy
 74641 | Tomb:3   | Killed from afar by Boris

Illustrated notes

Levels and vault maps discovered:
D:1:      lemuel_arrival_tunnels, layout_basic, chequers_serial_rivers_micro_e
D:2:      layout_loops_corners
D:3:      layout_basic, nicolae_half_adder
D:4:      layout_loops_cross, temple_doors_e, serial_shops, shop, st_stairs_10
D:5:      layout_basic, nicolae_figureground_sparkle
D:6:      layout_basic, mainiacjoe_overflow_small_starburst, uniq_sigmund
D:7:      layout_basic, mainiacjoe_overflow_brackets,
          nicolae_houndstooth_variations
D:8:      layout_basic, nicolae_dithmenos_the_darkroom, minitemple,
          hangedman_abyss_or_decor_lesser_grid, serial_bayou_crossing
D:9:      layout_long_grid, enter_bailey_5
D:10:     layout_loops_cross, lair_entry_dummy, serial_shops, shop
D:11:     kennysheep_blocky_room, layout_rooms, uniq_grum
D:12:     layout_loops_ring, serial_shops, nicolae_diamond_shop
D:13:     due_chaos_kobolds, layout_long_grid, ebering_ghost_gozag, st_stairs_7
D:14:     layout_irregular_city, david_vaults_3, serial_shops,
          nicolae_shop_trees, jiyva_altar_1
D:15:     gammafunk_depths_entry_grave, layout_loops_corners,
          hangedman_decor_growths, drop_trap, tgw_sif
Temple:   bh_familiar_temple
Lair:1:   layout_cave_pods
Lair:2:   layout_cave_pods, minmay_shoals_entry_hut,
          guppyfry_snake_entry_island, uniq_harold
Lair:3:   wad_woods_structure_01, layout_long_grid,
          grunt_forest_small_clearing_treed
Lair:4:   layout_hall_layers, ice2_lemuel, infiniplex_staircase_pool_2,
          grunt_megastairs_4
Lair:5:   minmay_lair_end_frog_pond, layout_regular_city, slime_entry_1,
          st_stairs_13
Shoals:1: layout_shoals, uniq_kirke, uniq_louise
Shoals:2: layout_shoals, nicolae_shoals_hidden_pirate_stash
Shoals:3: layout_shoals
Shoals:4: shoals_end_grunt_ice, layout_shoals, serial_shops, shop,
          nicolae_shop_vocational
Snake:1:  layout_gridlike, serial_shops, bzr_entry_dummy, shop, shop, shop,
          nicolae_shop_temple_entry_statues_fountains, guppyfry_library_mini,
          serial_bayou_shore_b, uniq_mlioglotl
Snake:2:  layout_misc_corridors, gammafunk_ghost_abyssal_escape,
          nicolae_snake_shapes
Snake:3:  layout_grid_maze, st_stairs_11, grunt_ministairs_10,
          serial_bayou_shore_a
Snake:4:  grunt_snake_rune_pools, layout_cave_town, serial_shops, shop,
          grunt_megastairs_3, serial_bayou_shore_b
Slime:1:  layout_caves
Slime:2:  layout_caves, nicolae_slime_welcoming_committee
Slime:3:  layout_caves
Slime:4:  layout_caves, uniq_dissolution
Slime:5:  slime_pit
Orc:1:    layout_diamond_mine
Orc:2:    kennysheep_orc_mage_school, layout_caves, portal_ice_cave_rime,
          nicolae_orc_rockfall, mines5_lemuel
Elf:1:    nicolae_elf_arrival_fired_up, layout_gridlike,
          hangedman_elf_represent, nicolae_wooded_promenade
Elf:2:    elven_hall_of_blades_hangedman_original [mumra_blade_entry_bloodbath],
          layout_geoelf_diagonals, serial_shops, bzr_entry_gold
Elf:3:    minmay_elf_hall_x, layout_geoelf_octagon
Vaults:1: v_misc_26, v_rooms_4, nicolae_vaults_layer_cake_slice, v_misc_18,
          nicolae_vaults_rhombus_6, nicolae_vaults_trapezoid_1,
          nicolae_vaults_more_shelving_1, nicolae_vaults_surprise_closet,
          layout_vaults_omnigrid
Vaults:2: vaults_mumra_chevron_long, v_misc_24,
          nicolae_vaults_stairing_the_circle, nicolae_vaults_prndl,
          ontoclasm_vaults_gateway, hangedman_vaults_stagger,
          nicolae_vaults_hexular_roomagon, nicolae_vaults_double_plus_1,
          v_misc_1, ontoclasm_vaults_ring_large,
          nicolae_vaults_yaktaur_gun_rack, v_misc_27, grunt_vaults_twisty,
          layout_vaults_omnicross, dummy_crypt_entry, uniq_asterion, uniq_mara,
          uniq_bai_suzhen
Vaults:3: grunt_vaults_swirl, hangedman_vaults_locks, vaults_room_octagon,
          hangedman_vaults_capsules, vaults_room_glass_cross, vaults_room_pool,
          v_misc_8, dpeg_vaults_monster_box, v_misc_27, vaults_room_fours,
          layout_vaults_chaotic_city
Vaults:4: v_misc_11, v_misc_22, nicolae_vaults_hallways_thing,
          grunt_vaults_trifunnel, ontoclasm_vaults_spin,
          nicolae_vaults_stepped_doors, dpeg_vaults_monster_row,
          nicolae_vaults_storage_closets_3, nicolae_vaults_house_3,
          nicolae_vaults_back_hallway, v_misc_16, hangedman_vaults_impose,
          ontoclasm_vaults_ring_square, nicolae_vaults_circle_grid_b,
          vaults_room_pool, layout_vaults_maze, serial_shops, shop, shop,
          uniq_xtahua
Crypt:1:  layout_gridlike, grunt_crypt_arrival_webbed
Crypt:2:  layout_regular_city, hellmonk_ghost_happy_afterlife
Crypt:3:  lightli_unholy_cathedral, layout_chaotic_city,
          tomb_entry_simple_bobbens, uniq_margery
Tomb:1
Tomb:2
Tomb:3:   uniq_boris
Depths:1: layout_basic, enter_ziggurat_f, grunt_hell_entry_demonic_statue,
          hex_large, minivault_12, uniq_nikola, uniq_enchantress
Depths:2: minmay_distorted_concentric_squares, layout_gridlike,
          nicolae_trove_entry_free_sample, serial_rivers,
          chequers_serial_rivers_marsh, chequers_serial_rivers_micro_b,
          chequers_serial_rivers_micro_b, chequers_serial_rivers_micro_a,
          chequers_serial_rivers_micro_c, grunt_hell_entry_dis_mu, serial_shops,
          shop, pan_entry, corexii_leaking_fountain, tgw_lugonu_bribe,
          serial_bayou_shore_b, minmay_staircase_bubble
Depths:3: minmay_the_grid_octo_tiled_octocenter [minmay_the_grid_octo_chip,
          minmay_the_grid_octo_teeth, minmay_the_grid_octo_checkerflower,
          minmay_the_grid_octo_clover_2, minmay_the_grid_octo_prize_big_c,
          minmay_the_grid_square_5x5_fancy_junction,
          minmay_the_grid_square_5x5_bite, minmay_the_grid_square_5x5_n_small,
          minmay_the_grid_square_5x5_minibox], layout_gridlike, hell_entry,
          hex_medium, hangedman_abyss_entry_splay, grunt_ministairs_9,
          nicolae_the_louvre, uniq_sojobo, uniq_vv
Depths:4: evilmike_zot_entry_basic, layout_cave_pools, pf_coc_iceberg,
          serial_glass, glass_columns_c, glass_columns_c, glass_columns_a,
          glass_columns_c, glass_columns_c, glass_columns_c, glass_columns_c,
          glass_columns_c, abyss_entry_crystal, minivault_16
Zot:1:    gammafunk_mikee_crab_dinner, layout_concentric_octagons
Zot:2:    layout_gridlike, serial_nicolae_subway, nicolae_sub_station_metal,
          nicolae_sub_station_crystal, nicolae_sub_station_stone
Zot:3:    ebering_klown_carousel, layout_misc_corridors
Zot:4:    layout_cathedral_of_symmetry
Zot:5:    layout_gridlike, ebering_ghost_disaster_area

Skill      XL: |  1  2  3  4  5  6  7  8  9 10 11 12 13 14 15 16 17 18 19 20 21 22 23 24 25 26 27 |
---------------+----------------------------------------------------------------------------------+-----
Fighting       | 1 2 3 4 6 7 8 9 10 11 12 13 14 15 16 17 18 24 | 24.0
Earth Magic    | 4 5 6 7 8 10 11 13 14 15 17 18 19 20 21 22 23 24 25 26 27 | 27.0
Armour         | 1 2 3 4 6 7 8 9 10 11 12 13 14 15 16 17 19 | 19.4
Dodging        | 2 3 4 5 6 7 8 9 10 11 12 13 14 | 14.4
Spellcasting   | 3 4 5 6 7 8 9 10 11 12 13 14 15 23 | 23.3
Necromancy     | 1 4 6 7 9 10 | 10.1
Shields        | 1 4 6 7 8 9 10 11 12 13 15 | 15.8
Conjurations   | 4 10 11 12 13 14 15 16 17 19 | 19.0
Staves         | 1 4 6 8 9 11 12 | 12.9
Summonings     | 1 4 6 7 8 10 11 12 14 | 14.2
Evocations     | 1 3 5 7 8 9 10 11 | 11.5
Invocations    | 17 | 17.9
Fire Magic     | 18 | 18.6
Ice Magic      | 20 | 20.6
Stealth        | |  2.9
Transmutations | |  0.7

Action                     |  1- 3 |  4- 6 |  7- 9 | 10-12 | 13-15 | 16-18 | 19-21 | 22-24 | 25-27 || total
---------------------------+-------+-------+-------+-------+-------+-------+-------+-------+-------++-------
  Melee: Unarmed           |    31 |     4 |       |       |       |       |       |       |       ||    35
         Hand axe          |       |       |   142 |    80 |       |       |       |       |       ||   222
         Punch             |       |       |     2 |     3 |     3 |       |       |       |       ||     8
         Dagger            |       |       |       |    83 |   178 |       |       |       |       ||   261
         Rapier            |       |       |       |       |   656 |   641 |       |       |       ||  1297
         Staff             |       |       |       |       |       |   250 |  2545 |  2262 |  2174 ||  7231
   Cast: Sandblast         |    38 |    76 |   119 |   411 |   584 |   157 |    25 |       |       ||  1410
         Stone Arrow       |       |       |     1 |    40 |   108 |    63 |   145 |     9 |     7 ||   373
         Lee's Rapid Decon |       |       |       |     4 |    34 |   288 |   150 |    51 |    54 ||   581
         Petrify           |       |       |       |     1 |     4 |     3 |     3 |       |       ||    11
         Dispel Undead     |       |       |       |       |    43 |     9 |     2 |   109 |   138 ||   301
         Borgnjor's Vile C |       |       |       |       |       |       |       |   122 |   120 ||   242
         Orb of Destructio |       |       |       |       |       |       |       |     1 |    17 ||    18
         Spellforged Servi |       |       |       |       |       |       |       |       |    52 ||    52
         Shatter           |       |       |       |       |       |       |       |       |   257 ||   257
         Lehudib's Crystal |       |       |       |       |       |       |       |       |    35 ||    35
         Ignition          |       |       |       |       |       |       |       |       |    37 ||    37
         Wereblood         |       |       |       |       |       |       |       |       |     2 ||     2
 Invoke: Channel Magic     |       |       |       |       |       |       |       |       |    56 ||    56
  Evoke: Wand              |       |       |       |     6 |     8 |       |       |       |     2 ||    16
         Figurine of a zig |       |       |       |       |       |       |       |       |     1 ||     1
    Use: Potion            |       |     1 |       |     3 |     1 |     1 |     1 |     3 |    51 ||    61
         Scroll            |       |       |       |    20 |    10 |     8 |     3 |     8 |    27 ||    76
   Stab: Sleeping          |     2 |       |     2 |     1 |     3 |     2 |     3 |     3 |       ||    16
         Petrified         |       |       |       |     6 |    14 |       |    22 |       |       ||    42
         Petrifying        |       |       |       |       |     1 |       |     1 |       |       ||     2
         Distracted        |       |       |       |       |       |       |     1 |       |     4 ||     5
         Invisible         |       |       |       |       |       |       |       |       |     2 ||     2
 Armour: Robe              |    17 |    13 |    50 |    80 |       |       |       |       |       ||   160
         Troll leather arm |       |       |       |   242 |   920 |   561 |  1148 |  1002 |  1230 ||  5103
  Dodge: Dodged            |    28 |    75 |   189 |   814 |  1631 |   794 |   923 |   646 |  1090 ||  6190
  Block: Kite shield       |       |       |       |       |   687 |   772 |  1187 |   952 |  1261 ||  4859

Table legend: (Time is in decaauts)
 A = Elapsed time spent in this place.
 B = Non-inter-level travel time spent in this place.
 C = Inter-level travel time spent in this place.
 D = Time resting spent in this place.
 E = Time spent auto-exploring this place.
 F = Levels seen in this place.
 G = Mean time per level.
                   A        B        C        D        E       F      G
               +--------+--------+--------+--------+--------+-----+--------+
         Total |  75807 |  70794 |   5013 |   5915 |  39451 | 104 |  728.9 |
       Dungeon |  17388 |  15731 |   1657 |    979 |  10962 |  15 | 1159.2 |
        Temple |     84 |     59 |     25 |      0 |     43 |   1 |   84.0 |
          Lair |   9813 |   8953 |    860 |    996 |   5441 |   5 | 1962.6 |
        Shoals |   4582 |   4348 |    234 |    163 |   2516 |   4 | 1145.5 |
     Snake Pit |   4683 |   4541 |    142 |    154 |   2396 |   4 | 1170.8 |
    Slime Pits |   2736 |   2579 |    157 |    279 |   1308 |   5 |  547.2 |
  Orcish Mines |   2214 |   2019 |    195 |    148 |    876 |   2 | 1107.0 |
   Elven Halls |   5256 |   5109 |    147 |    437 |   2111 |   3 | 1752.0 |
        Vaults |   5956 |   5687 |    269 |     94 |   3814 |   4 | 1489.0 |
         Crypt |   3380 |   3122 |    258 |    433 |   1688 |   3 | 1126.7 |
          Tomb |   2818 |   2690 |    128 |    364 |   1278 |   3 |  939.3 |
        Depths |   5468 |   4924 |    544 |    307 |   2878 |   4 | 1367.0 |
           Zot |   5684 |   5293 |    391 |    333 |   3191 |   5 | 1136.8 |
      Ziggurat |   3948 |   3948 |      0 |    553 |    587 |  41 |   96.3 |
        Bazaar |    225 |    225 |      0 |    100 |     46 |   2 |  112.5 |
         Trove |     87 |     87 |      0 |      0 |      0 |   1 |   87.0 |
        Bailey |    866 |    866 |      0 |    379 |    153 |   1 |  866.0 |
      Ice Cave |    611 |    611 |      0 |    195 |    161 |   1 |  611.0 |
               +--------+--------+--------+--------+--------+-----+--------+

Top non-repeatable levels by time:
   Elf:3: 2251 daAuts
  Lair:3: 2218 daAuts
  Lair:2: 2190 daAuts
  Lair:5: 2004 daAuts
   Elf:2: 1920 daAuts
  Tomb:1: 1872 daAuts
    D:15: 1730 daAuts
  Lair:1: 1729 daAuts
Depths:3: 1697 daAuts
  Lair:4: 1671 daAuts
 Snake:4: 1604 daAuts
Vaults:2: 1577 daAuts
Vaults:1: 1540 daAuts
 Crypt:2: 1530 daAuts
     D:8: 1515 daAuts
